Cogmind - Beta 10.2 @@@ ROGUE MODE // 2021.06.30 @ 22:57:34 Player: Finestep Result: Destroyed by G-73 Enforcer with Phase Gun Performance ------------- Evolutions (9) 4500 Regions Visited (38) 7600 Robots Destroyed (738) 3690 Value Destroyed (43253) 43253 Prototype IDs (108) 2160 Alien Tech Used (13) 2600 Bonus (27026) 27026 TOTAL SCORE: 90829 Bonus ------- High Alert Combat Kills 7096 Follower Combat Kills 4400 Entered Garrisons 1600 Used RIF Installer 4000 Network Hubs Disabled 600 Aligned with FarCom 300 A7 Reached Mainframe 300 Met R17 at Cetus 500 Destroyed MAIN.C Guards 500 Met MAIN.C 5000 Hacked MAIN.C 300 Destroyed MAIN.C Shell 5000 Friendly Fire -2570 Cogmind --------- Core Integrity 0/2100 Matter 164/300 Energy 100/100 System Corruption 63% Temperature Cool (0) Movement Core (50) Location -1/Command Parts ------- > --- POWER (3) -------- (None) > --- PROPULSION (5) --- (None) > --- UTILITY (14) ----- (None) > --- WEAPON (4) ------- (None) > --- INVENTORY (4) ---- Advanced Transmission Jammer Experimental Phase Shifter Experimental Weapon Shielding Mapping Drone Bay (1/3) Peak State ------------ > --- POWER ------------ Compact Particle Reactor Compact Particle Reactor Improved Quantum Reactor > --- PROPULSION ------- Medium Treads Armored Heavy Treads Biometal Heavy Treads > --- UTILITY ---------- Experimental Cooling System High-capacity Storage Unit High-capacity Storage Unit High-capacity Storage Unit Experimental Optical Array Experimental Targeting Computer Advanced Armor Integrity Analyzer Advanced Particle Charger Advanced Weapon Cycler Experimental Weapon Shielding Heavy Regenerative Plating Experimental Thermal Shield Experimental Force Field > --- WEAPON ----------- Compact HERF Cannon Cooled Nova Cannon Sigix Broadsword > --- INVENTORY -------- Enhanced Armored Heavy Treads Experimental Cooling System Advanced Energy Well Superbattery Advanced Transmission Jammer Experimental Phase Shifter Experimental Weapon Shielding Experimental Weapon Shielding Centrium Medium Armor Plating Improved Shock Absorption System EM Dispersion Field Mapping Drone Bay Transdimensional Reconstructor Core Regenerator Matter Drive Enhanced Nova Cannon Potential Cannon Core Cannon Perforator Sigix Terminator Advanced Remote Datajack Advanced Remote Datajack [Rating: 230] Favorites ----------- Power Quantum Reactor Engine Cooled Deuterium Engine Power Core Enhanced Fission Core Reactor Quantum Reactor Propulsion Centrium Heavy Treads Treads Centrium Heavy Treads Leg Carbon-fiber Leg Wheel Armored Wheel Utility High-capacity Storage Unit Device Experimental Cooling System Storage High-capacity Storage Unit Processor Experimental Targeting Computer Hackware Relay Coupler [NC] Protection Centrium Medium Armor Plating Artifact Matter Drive Weapon Improved KE Penetrator Energy Gun Heavy Tesla Rifle Energy Cannon Compact HERF Cannon Ballistic Gun Improved KE Penetrator Ballistic Cannon Light Cannon Launcher Advanced EMP Blaster Special Weapon Advanced Remote Datajack Slashing Weapon Sigix Broadsword Special Melee Weapon Datajack Build | -11 -10 -10 -9 -9 -9 -8 -8 -8 -8 -8 -7 -7 -7 -7 -7 -7 -6 -6 -6 -6 -6 -5 -5 -5 -5 -4 -4 -4 -4 -4 -3 -3 -3 -2 -2 -2 -1 -1 ------- Run | Scr Mat Min Mat Min Exi Min Mat Gar Mat Gar Fac Was Fac Gar Fac Gar Fac Ext Cet Arc Hub Fac Gar Fac Gar Fac Gar Fac Upp Upp Res Qua Gar Res Tes Sec Acc Com Slots Evolved 18 | . . . 2 . . . 2 . . . 2 . . . . . 2 . . . . 2 . . . 2 . . . . 2 . . 2 . . 2 . Power 2 | . . . . . . . . . . . . . . . . . . . . . . 1 . . . . . . . . 1 . . . . . . . Propulsion 2 | . . . 1 . . . . . . . . . . . . . 1 . . . . . . . . . . . . . . . . . . . . . Utility 12 | . . . 1 . . . 1 . . . 2 . . . . . 1 . . . . 1 . . . 2 . . . . 1 . . 1 . . 2 . Weapon 2 | . . . . . . . 1 . . . . . . . . . . . . . . . . . . . . . . . . . . 1 . . . . Parts Attached 962 | 7 7 12 32 . 3 . 35 7 13 13 22 17 20 31 16 38 10 20 20 . 34 14 24 5 21 71 27 26 7 4 45 64 8 22 62 95 54 56 Power 53 | 1 . 1 3 . . . 3 . 1 1 1 1 1 2 1 1 . . 3 . 1 1 . . . 2 4 2 . . 4 3 . 7 4 3 . 2 Engine 12 | 1 . 1 3 . . . 2 . 1 . 1 . . 1 1 1 . . . . . . . . . . . . . . . . . . . . . . Core 15 | . . . . . . . 1 . . 1 . . 1 . . . . . 2 . . . . . . 2 3 1 . . 3 . . . . . . 1 Reactor 26 | . . . . . . . . . . . . 1 . 1 . . . . 1 . 1 1 . . . . 1 1 . . 1 3 . 7 4 3 . 1 Propulsion 95 | 2 . 3 14 . . . 11 2 2 6 2 1 1 4 . 6 1 5 4 . . . 3 1 . 2 1 1 . . 2 5 . 3 3 4 4 2 Treads 80 | 2 . 1 14 . . . 11 . 1 3 2 1 1 3 . 3 1 4 4 . . . 1 1 . 2 1 1 . . 2 5 . 3 3 4 4 2 Leg 1 | . . . . . . . . . . . . . . . . 1 . . . . . . . . . . . . . . . . . . . . . . Wheel 14 | . . 2 . . . . . 2 1 3 . . . 1 . 2 . 1 . . . . 2 . . . . . . . . . . . . . . . Hover . | . . . . . . . . . . . . . . . . . . . . . . . . . . . . . . . . . . . . . . . Flight . | . . . . . . . . . . . . . . . . . . . . . . . . . . . . . . . . . . . . . . . Utility 397 | 2 2 . 4 . 3 . 5 1 2 1 3 3 8 9 7 7 8 6 2 . 21 8 8 . 9 32 14 12 4 2 22 35 5 10 32 45 33 32 Device 230 | . . . . . . . 1 . . 1 . 2 2 5 3 5 . 2 1 . 15 4 2 . 3 21 8 5 1 . 16 21 3 8 20 34 27 20 Storage 27 | 2 2 . 2 . 3 . . . . . . . . . . . 3 . . . . 3 . . . . . 1 . . . 2 . . 3 1 . 5 Processor 15 | . . . 1 . . . . . . . 1 . 1 . . . 1 . . . 1 . . . 1 . . 2 . . . 2 . . 2 2 1 . Hackware 49 | . . . . . . . . . 1 . 1 1 4 2 4 2 2 1 . . 1 . 5 . 3 4 3 1 1 1 3 1 . 1 1 2 4 . Protection 75 | . . . 1 . . . 4 1 1 . 1 . 1 2 . . 2 3 1 . 4 1 1 . 2 7 3 3 2 1 3 9 2 1 6 6 1 6 Artifact 1 | . . . . . . . . . . . . . . . . . . . . . . . . . . . . . . . . . . . . . . 1 Weapon 417 | 2 5 8 11 . . . 16 4 8 5 16 12 10 16 8 24 1 9 11 . 12 5 13 4 12 35 8 11 3 2 17 21 3 2 23 43 17 20 Energy Gun 13 | . . 1 . . . . . . . . . . . . . . . . . . . . . . . . . . . . . . . . 7 4 1 . Energy Cannon 105 | . 1 . . . . . 2 . . 1 1 . 1 1 . 5 . . 2 . 3 . 2 . 1 3 1 1 . . 6 9 1 1 8 27 13 15 Ballistic Gun 187 | 2 3 5 8 . . . 12 2 4 2 10 6 7 11 4 18 . 7 7 . 5 4 7 2 7 23 5 7 2 1 9 5 1 . . 1 . . Ballistic Cannon 10 | . . . 1 . . . . . . . . . . . . . . . . . . . . . . . . . . . . 1 . . 4 1 . 3 Launcher 22 | . 1 2 2 . . . 2 1 1 2 3 . . 2 . . . 2 2 . . 1 . . . . . . . . . . . . . . . 1 Special Weapon 73 | . . . . . . . . 1 2 . 1 6 2 2 4 1 1 . . . 4 . 4 2 4 9 2 3 . 1 2 4 1 . 4 9 3 1 Impact Weapon . | . . . . . . . . . . . . . . . . . . . . . . . . . . . . . . . . . . . . . . . Slashing Weapon 5 | . . . . . . . . . . . . . . . . . . . . . . . . . . . . . 1 . . 2 . 1 . 1 . . Piercing Weapon . | . . . . . . . . . . . . . . . . . . . . . . . . . . . . . . . . . . . . . . . Special Melee Weapon 2 | . . . . . . . . . 1 . 1 . . . . . . . . . . . . . . . . . . . . . . . . . . . Unidentified Prototypes 43 | . . . 1 . . . 1 . . . 1 . 1 . 1 . . . 3 . 3 1 1 . . 1 . . . . 2 6 . . 12 8 . 1 Parts Lost 63 | . . 7 3 . . . 2 . 1 . . . 1 . . 5 . 2 . . 2 . . . 1 1 3 4 . . . 2 . 1 . . 1 27 Power 11 | . . 1 1 . . . 1 . . . . . . . . 1 . . . . 1 . . . . . 1 . . . . . . 1 . . . 4 Propulsion 12 | . . 3 1 . . . . . . . . . . . . 1 . 1 . . . . . . . 1 1 . . . . . . . . . . 4 Utility 23 | . . . . . . . 1 . 1 . . . . . . . . 1 . . 1 . . . . . 1 3 . . . . . . . . 1 14 Weapon 17 | . . 3 1 . . . . . . . . . 1 . . 3 . . . . . . . . 1 . . 1 . . . 2 . . . . . 5 Highest Loss Streak 21 | . . 4 1 . . . 2 . 1 . . . 1 . . 4 . 1 . . 1 . . . 1 1 2 3 . . . 1 . 1 . . 1 21 Average Slot Usage (%) 89 | . 99 98 98 100 100 100 99 99 99 99 92 95 92 81 91 91 92 93 87 86 83 88 87 88 87 88 85 84 88 87 89 88 86 86 84 84 83 78 Engine 3 | . 14 14 11 11 11 11 9 9 8 5 3 5 . 1 7 7 6 6 1 . . . . . . . . . . . . . . . . . . . Core 1 | . . . . . . . . . . 3 3 . 6 5 . . . . 2 . . . . . . 2 9 7 5 5 9 4 . . . . . . Reactor 5 | . . . . . . . . . . . . 1 . . . . . . 2 6 6 11 11 11 11 7 . 2 5 5 3 9 14 12 13 12 11 9 Treads 13 | . 28 23 26 33 33 33 27 22 9 22 7 6 10 13 7 8 6 8 14 13 13 11 10 11 11 10 9 9 10 10 9 13 14 9 7 8 10 8 Wheel 1 | . . 4 5 . . . . 4 17 4 15 11 3 1 7 7 13 11 . . . . . . . . . . . . . . . . . . . . Device 7 | . . . . . . . . . . 8 1 6 3 6 3 10 5 . 2 6 8 11 8 5 8 9 13 9 10 5 11 13 9 12 13 11 12 16 Storage 19 | . 28 28 26 33 33 33 27 27 27 27 23 23 23 23 23 23 20 20 20 20 20 17 17 17 17 15 15 18 15 15 14 14 14 13 13 12 11 11 Processor 6 | . . . 5 . . . . . . . 5 7 7 7 7 7 9 6 6 6 5 5 5 5 5 . . 4 10 10 9 9 9 8 11 12 11 10 Hackware 5 | . . . . . . . . . . . . 6 8 3 10 3 6 13 9 6 2 . 2 5 2 11 6 8 10 10 10 10 4 7 8 8 9 . Protection 5 | . . . 1 . . . 9 8 8 . 7 . 2 3 . . 3 5 6 6 6 11 10 11 10 12 11 5 4 7 4 2 9 7 4 4 3 7 Energy Cannon 1 | . 1 10 . . . . . . . 1 . . . . . . . . 4 . . . . . . . . . . . . 5 3 3 3 5 5 6 Ballistic Gun 13 | . 26 12 19 22 22 22 26 24 25 25 22 21 21 11 20 21 15 17 13 20 18 17 15 16 15 13 14 12 14 13 12 2 1 4 . . . . Naked Turns 9 | . . . . . . . . . . . . . . . . . . . . . . . . . . . . . . . . . . . . . . 9 Heaviest Build 221 | 16 50 50 78 78 110 110 123 120 120 117 134 130 124 130 122 131 134 131 150 148 180 170 176 173 185 190 196 194 170 176 192 204 203 198 220 193 209 221 Greatest Support 193 | 40 40 40 69 63 63 63 66 63 24 62 24 24 92 92 28 60 24 112 160 160 160 160 160 160 150 150 150 155 155 155 155 145 120 150 155 193 193 173 Greatest Overweight (x) 56 | . 1 4 5 1 1 1 1 5 9 5 5 10 10 4 4 10 5 5 1 49 1 1 14 1 56 1 2 1 1 1 1 1 1 2 2 1 1 1 Average Overweight (x) 1 | . . 1 2 1 1 1 1 1 4 1 5 7 5 2 4 3 5 3 . 14 . 1 1 1 1 . 1 . . 1 . 1 1 1 1 . . . Largest Inventory Capacity 28 | 8 16 16 24 24 28 28 28 28 28 28 28 28 28 28 28 28 28 28 28 28 28 28 28 28 28 28 28 28 28 28 28 28 28 28 28 28 28 28 Average Capacity 26 | 6 13 16 19 24 27 28 28 28 28 28 28 28 28 28 28 28 28 28 28 28 28 28 28 28 28 28 28 28 28 28 28 28 28 28 28 28 28 27 Most Carried 28 | 5 16 16 24 24 27 28 28 28 28 28 28 28 28 28 28 28 28 28 28 28 28 28 28 28 28 28 28 28 28 28 28 28 28 28 28 28 28 28 Average Carried 26 | 2 11 15 17 24 25 27 27 27 27 27 26 27 27 27 27 27 27 27 27 28 27 27 27 28 27 27 27 26 28 28 27 27 27 27 27 27 27 25 Final Capacity 28 | 8 16 16 24 24 28 28 28 28 28 28 28 28 28 28 28 28 28 28 28 28 28 28 28 28 28 28 28 28 28 28 28 28 28 28 28 28 28 4 Final Carried 28 | 5 16 11 24 24 27 28 28 28 28 27 28 28 28 28 26 28 28 28 28 28 28 28 28 28 28 28 28 28 28 28 28 28 28 28 28 28 27 4 Class Distribution -------------------- 16% | Generator-Mutant 13% | Bothacker-Tank 11% | Bothacker-Mutant 9% | Botlord-Mutant 8% | Hauler-Mutant 8% | Hauler-Skirmisher 6% | Botlord-Tank 6% | Scavenger-Tank 5% | Scavenger-Mutant 4% | Mutant Dominant Class ---------------- Mutant | -10/Materials Mutant | -10/Mines Scavenger-Mutant | -9/Materials Hauler-Mutant | -9/Mines Hauler-Mutant | -9/Exiles Hauler-Mutant | -8/Mines Hauler-Skirmisher | -8/Materials Hauler-Skirmisher | -8/Garrison Hauler-Skirmisher | -8/Materials Hauler-Skirmisher | -8/Garrison Hauler-Tank | -7/Factory Hauler-Skirmisher | -7/Waste Hauler-Skirmisher | -7/Factory Bothacker-Mutant | -7/Garrison Bothacker-Skirmisher | -7/Factory Bothacker-Tank | -7/Garrison Bothacker-Mutant | -6/Factory Bothacker-Tank | -6/Extension Bothacker-Tank | -6/Cetus Bothacker-Tank | -6/Archives Bothacker-Tank | -6/Hub_04(d) Scavenger-Tank | -5/Factory Scavenger-Tank | -5/Garrison Scavenger-Tank | -5/Factory Botlord-Tank | -5/Garrison Bothacker-Tank | -4/Factory Botlord-Tank | -4/Garrison Botlord-Tank | -4/Factory Botlord-Gunner | -4/Upper Caves Botlord-Mutant | -4/Upper Caves Hauler-Gunner | -3/Research Generator-Mutant | -3/Quarantine Bothacker-Mutant | -3/Garrison Botlord-Mutant | -2/Research Botlord-Mutant | -2/Testing Generator-Mutant | -2/Section 7 Generator-Mutant | -1/Access Generator-Mutant | -1/Command Resources | -11 -10 -10 -9 -9 -9 -8 -8 -8 -8 -8 -7 -7 -7 -7 -7 -7 -6 -6 -6 -6 -6 -5 -5 -5 -5 -4 -4 -4 -4 -4 -3 -3 -3 -2 -2 -2 -1 -1 ----------- Run | Scr Mat Min Mat Min Exi Min Mat Gar Mat Gar Fac Was Fac Gar Fac Gar Fac Ext Cet Arc Hub Fac Gar Fac Gar Fac Gar Fac Upp Upp Res Qua Gar Res Tes Sec Acc Com Matter Collected 28568 | 294 516 278 987 92 16 78 1416 230 265 503 597 579 1028 1021 557 1116 128 1178 269 212 1593 363 835 132 953 2253 1578 862 173 102 1445 2096 550 313 1147 1510 644 659 Remotely 3232 | . . . . . . . 157 . . . . 368 . 233 . . . . . . 484 . . . . 819 157 51 . . 537 426 . . . . . . Salvage Created 43882 | 127 877 311 2061 52 . 51 1799 439 316 788 466 1057 892 1025 308 1267 262 1727 702 285 2566 113 935 280 1306 1961 1202 1363 . . 1522 3198 861 1497 2174 3242 3949 2901 Parts 2013 | 7 47 19 128 . . 1 103 32 21 29 30 16 41 45 16 52 5 74 34 18 121 9 41 7 70 101 62 56 . . 59 120 25 75 127 141 178 103 Haulers Intercepted 19 | . 1 . 4 . . . 3 . . . . . 1 . 1 . . 3 . . . . . . . 1 . . . . 1 2 . 1 . . 1 . Recyclers Shooed 21 | . 2 1 5 . . . 4 . 1 . 2 . . . . . 1 1 . . . . . . . 2 . . . . . . . 1 . . 1 . Parts Field Recycled . | . . . . . . . . . . . . . . . . . . . . . . . . . . . . . . . . . . . . . . . Retrieved Matter . | . . . . . . . . . . . . . . . . . . . . . . . . . . . . . . . . . . . . . . . Parts Self-Destructed 8 | . . . . . . . . . . . . . . . . . . . . . . . . . . . . . 8 . . . . . . . . . Prevented 6 | . . . . . . . . . . . . . . . . . . . . . . . . . . . . . 6 . . . . . . . . . Kills | -11 -10 -10 -9 -9 -9 -8 -8 -8 -8 -8 -7 -7 -7 -7 -7 -7 -6 -6 -6 -6 -6 -5 -5 -5 -5 -4 -4 -4 -4 -4 -3 -3 -3 -2 -2 -2 -1 -1 ------- Run | Scr Mat Min Mat Min Exi Min Mat Gar Mat Gar Fac Was Fac Gar Fac Gar Fac Ext Cet Arc Hub Fac Gar Fac Gar Fac Gar Fac Upp Upp Res Qua Gar Res Tes Sec Acc Com Combat Hostiles Destroyed 582 | . 10 18 39 1 . 1 22 13 3 16 5 4 13 19 2 13 2 14 6 2 22 2 14 1 24 27 27 24 . . 20 40 10 14 26 40 50 38 Melee 19 | . . . . . . . . . . . . . . . . . . . . . . . . . . . . . . . . 1 . 4 6 5 2 1 Guns 304 | . 10 8 31 1 . 1 17 5 3 10 3 4 12 15 2 9 2 9 2 2 21 2 11 1 24 26 26 24 . . 14 3 . 3 2 . 1 . Cannons 116 | . . 6 4 . . . 1 . . . . . 1 . . 4 . . . . . . 1 . . . . . . . 1 13 2 3 14 19 25 22 AOE 55 | . . 4 4 . . . 4 8 . 4 2 . . 2 . . . 5 . . 1 . . . . . . . . . . . . . . 4 6 11 Classes Destroyed 25 | 2 6 3 3 . . 1 1 . . . . 2 . 1 . . . . . . . . 1 . . . . 1 . . . 1 1 . 1 1 . . Worker 21 | . 1 . 2 1 . . 1 . . . . . . . . . 1 1 . . 6 . . . . 4 . . . . . 1 . . . . 2 1 Builder 22 | . 2 . 2 . . . 2 . . . . . 1 . . . . 3 . . 1 . . . . 6 . . . . 1 . . . 3 1 . . Tunneler 8 | 2 . . . . . . 2 . 1 . 1 . . . 1 . . 1 . . . . . . . . . . . . . . . . . . . . Hauler 19 | . 1 . 4 . . . 3 . . . . . 1 . 1 . . 3 . . . . . . . 1 . . . . 1 2 . 1 . . 1 . Recycler 38 | 1 4 1 3 . . . 6 . 2 . 2 . 2 . 2 . 1 4 . . 5 . . 1 . 1 . . . . . . . 2 . . 1 . Carrier 1 | . . . . . . . . . . . . . . . . . . . . . . . . . . . . . . . . . 1 . . . . . Mechanic 1 | . . . . . . . . . . . . 1 . . . . . . . . . . . . . . . . . . . . . . . . . . Operator 16 | . 1 . 2 . . . 1 . 1 . 1 . 1 . . . . . . 3 2 . . 1 . . . . . . . . . . 1 1 . 1 Watcher 30 | . 2 . 3 . . . 3 . . . . . . . . 1 . . 1 . 3 . . 1 . 1 . . . . 1 2 . . . 3 7 2 Swarmer 118 | . . 9 6 . . . 4 11 . 10 2 . 2 1 . 3 . 6 . . . . 6 . 7 9 17 8 . . 5 . . . . . 10 2 Saboteur 1 | . . . . . . . . . . . . . . . . . . . . . . . . . . . . 1 . . . . . . . . . . Grunt 183 | . 10 . 24 1 . . 11 2 1 5 . . 8 12 1 5 2 4 . . 5 . 6 . 9 5 5 4 . . 4 16 5 . 8 8 13 9 Brawler 16 | . . . 2 . . . . . . 1 . . . 2 . . . 1 . . . . . . 3 . . 3 . . . . . . . . 2 2 Duelist 9 | . . . 1 . . . . . . . . . . . . . . . . . . . . . . . . 4 . . . . . . . . 2 2 Sentry 62 | . . . 6 . . . 5 . 2 . 1 . 1 3 . 3 . 3 . 2 9 . . . 3 1 2 2 . . 3 . 1 5 . 7 2 1 Demolisher 1 | . . 1 . . . . . . . . . . . . . . . . . . . . . . . . . . . . . . . . . . . . Specialist 8 | . . . . . . . . . . . . . . 1 . . . 1 . . . . . . . . . . . . . 3 1 . . . . 2 Hunter 42 | . . . . . . 1 1 . . . 1 . . . . 1 . . 1 . 1 . 1 . 1 5 2 2 . . 4 2 2 2 3 7 1 4 Programmer 94 | . . . . . . . 1 . . . 1 . 2 . 1 1 . . 1 . 1 2 . . . 7 . . . . 3 6 . 7 14 15 20 12 Behemoth 6 | . . . . . . . . . . . . . . . . . . . . . . . 1 1 1 . 1 . . . 1 . 1 . . . . . Compactor 4 | . . . . . . . . . . . . 4 . . . . . . . . . . . . . . . . . . . . . . . . . . Cetus Guard 4 | . . . . . . . . . . . . . . . . . . . 4 . . . . . . . . . . . . . . . . . . . Quarantine Guard 12 | . . . . . . . . . . . . . . . . . . . . . . . . . . . . . . . . 12 . . . . . . S7 Guard 1 | . . . . . . . . . . . . . . . . . . . . . . . . . . . . . . . . . . . . 1 . . M Guard 1 | . . . . . . . . . . . . . . . . . . . . . . . . . . . . . . . . . . . . . . 1 Enhanced Grunt 1 | . . . . . . . . . . . . . . . . . . . . . 1 . . . . . . . . . . . . . . . . . Lightning 6 | . . . . . . . . . . . . . . . . . . . . . 6 . . . . . . . . . . . . . . . . . Combat Programmer 2 | . . . . . . . . . . . . . . . . . . . . . . . . . . . . . . . . . . . . . . 2 Executioner 2 | . . . . . . . . . . . . . . . . . . . . . . . . . . . . . . . . . . . . 2 . . Alpha 7 1 | . . . . . . . . . . . . . . . . . . . . . . . . . . . . . . . . 1 . . . . . . Fortress 1 | . . . . . . . . . . . . . . . . . . . . . . . . . . . . . . . . . . . 1 . . . Protovariant Y 1 | . . . . . . . . . . . . . . . . . . . . . . . . . . . . . . . . . . . 1 . . . Assembled 8 | . . 8 . . . . . . . . . . . . . . . . . . . . . . . . . . . . . . . . . . . . Thug 2 | . . . . . . . . . . . . . . . . . . . 2 . . . . . . . . . . . . . . . . . . . Savage 1 | . . . . . . . . . . . . . . . . . . 1 . . . . . . . . . . . . . . . . . . . . Guerrilla 2 | . . . . . . . . . . . . . . . . . . . 2 . . . . . . . . . . . . . . . . . . . Best Kill Streak 14 | 3 7 5 8 1 . 1 6 5 3 3 2 1 5 5 2 5 2 7 5 2 9 1 3 1 10 8 5 12 . . 6 11 3 6 4 5 9 14 Combat Bots Only 13 | . 5 5 5 1 . 1 4 5 1 3 1 1 5 5 2 5 2 3 4 2 7 1 3 1 10 6 5 12 . . 5 9 3 5 4 5 7 13 Max Kills in Single Turn 8 | 1 2 3 1 1 . 1 4 3 1 3 2 1 1 1 2 1 2 7 2 1 8 1 1 1 3 2 2 2 . . 1 1 2 1 1 2 4 4 Gunslinging 2 | . . . . . . . 1 1 . 1 . . . . . . 1 . . . 1 . . . 2 . . 1 . . . . . . . . . . Exploded 4 | . . 3 1 . . . 3 3 . 3 1 . . 1 . . . 3 . . 1 . . . . . . . . . . . . . . 2 4 4 Melee 1 | . . . . . . . . . . . . . . . . . . . . . . . . . . . . . . . . 1 . 1 1 1 1 1 Uniques/NPCs Destroyed 1 | . . . . . . . . . . . . . . . . . . . . . . . . . . . . . . . . . . . . . . 1 MAIN.C Shell (-1/Command) Combat | -11 -10 -10 -9 -9 -9 -8 -8 -8 -8 -8 -7 -7 -7 -7 -7 -7 -6 -6 -6 -6 -6 -5 -5 -5 -5 -4 -4 -4 -4 -4 -3 -3 -3 -2 -2 -2 -1 -1 -------- Run | Scr Mat Min Mat Min Exi Min Mat Gar Mat Gar Fac Was Fac Gar Fac Gar Fac Ext Cet Arc Hub Fac Gar Fac Gar Fac Gar Fac Upp Upp Res Qua Gar Res Tes Sec Acc Com Damage Taken 38504 | . 456 682 1867 81 . . 1271 144 138 376 824 45 710 882 220 1235 72 1158 102 45 2303 . 427 71 1118 1675 948 1601 54 . 1282 1998 440 1131 1537 2215 1980 9416 Core 4756 | . 51 168 268 18 . . 96 12 14 73 27 8 72 69 28 209 9 109 35 10 119 . 52 . 242 98 23 60 23 . 76 199 9 114 49 156 153 2107 Absorbed by Shields 13286 | . . . . . . . . 4 . . . . . 24 . . 52 . 54 46 91 . 155 25 523 1275 614 638 . . 1164 1013 . . 1137 1029 1762 3680 Reduced by Siege Mode 688 | . . . . . . . . . . . . . 12 . . . . . . . 116 . . . . 57 66 91 . . 46 3 6 . 80 7 8 196 Core Remaining (%) 61 | 100 . 12 . . . 28 . . . 64 . . . . . 41 . . . . 66 . . . 70 . . . . 82 . . 76 . . 77 . . Volleys Fired 2369 | 6 74 36 175 4 . 1 104 39 21 53 43 53 66 71 31 68 14 55 12 16 109 4 53 9 101 124 88 53 4 5 69 136 44 36 139 133 198 122 Largest 3 | 2 2 2 2 2 . 2 3 3 3 3 3 3 3 3 3 3 3 3 3 3 3 3 3 3 3 3 3 3 3 1 3 1 1 1 2 2 2 3 Hottest 370 | 40 80 80 70 50 . 50 75 75 100 75 100 78 78 75 75 138 84 93 143 103 105 105 105 105 105 105 105 105 105 40 105 300 70 94 200 200 200 370 Shots Fired 4432 | 12 147 67 345 8 . 2 294 53 51 113 113 129 159 164 61 136 26 153 20 48 303 12 90 21 199 296 202 136 13 5 145 136 44 36 144 175 205 169 Gun 3245 | 12 143 41 330 8 . 2 285 24 45 94 105 123 151 150 49 121 20 150 9 48 293 12 65 18 166 263 189 127 13 . 114 33 . 12 17 12 1 . Cannon 946 | . 3 22 10 . . . 7 . . 12 . . 4 1 . 12 . . 3 . 4 . 15 . 21 14 7 2 . . 23 98 44 24 101 154 199 166 Launcher 56 | . 1 4 5 . . . 2 8 3 7 7 . . 8 . . . 2 8 . . . . . . . . . . . . . . . . . . 1 Special 185 | . . . . . . . . 21 3 . 1 6 4 5 12 3 6 1 . . 6 . 10 3 12 19 6 7 . 5 8 5 . . 26 9 5 2 Kinetic 3215 | 12 143 31 326 8 . 2 285 24 45 94 105 123 151 150 49 121 20 150 9 48 293 12 65 18 166 263 189 127 13 . 114 33 . 12 5 3 . 6 Thermal 525 | . 3 32 14 . . . . 21 3 . 1 . . . . . . . . . 4 . . . 21 4 . 2 . . 4 15 . . 83 64 119 135 Explosive 20 | . 1 4 5 . . . 2 8 . . . . . . . . . . . . . . . . . . . . . . . . . . . . . . Electromagnetic 499 | . . . . . . . 7 . 3 19 7 . 4 9 . 12 . 2 11 . . . 15 . . 10 7 . . . 19 83 44 24 30 87 80 26 Slashing 13 | . . . . . . . . . . . . . . . . . . . . . . . . . . . . . . . . . . . . 12 1 . Robot Hit Streak 60 | 4 10 7 19 7 . 4 19 14 7 10 6 25 13 26 8 40 42 13 10 5 18 9 16 18 42 19 16 54 4 7 25 30 35 17 40 16 21 60 Robot Miss Streak 7 | 2 4 3 4 3 . . 4 3 4 5 5 3 3 3 5 5 2 5 2 4 7 2 2 1 3 5 4 3 2 . 3 1 2 2 3 5 2 2 Penetration Max 2 | . . . . . . . . . . . . . 1 . . . 1 2 . 1 2 . 1 . 1 1 1 1 . . 1 1 1 . 1 . . 2 Secondary Targets 51 | . . . 3 . . . 4 1 . 3 . . 3 3 . 1 1 2 . . 8 . 1 . 6 4 2 8 . . . . . . 1 . . . Max Gunslinging Chain 2 | . . . 1 . . . 1 1 . 1 . . 1 1 . 1 1 1 . . 2 . 1 . 2 1 1 1 . . . . . . 1 . . . Capacitor 72 | . . . . . . . . . . . . . . . . . . . . . . . . . . . . . . . . 3 44 19 6 . . . Shots Hit Robots 2852 | 7 89 33 229 4 . 2 185 26 27 59 44 104 113 88 35 94 21 98 10 28 173 9 50 9 93 199 82 95 9 5 110 111 23 47 126 130 142 143 Core Hits 1332 | 4 41 26 110 2 . 1 76 28 11 24 19 18 32 39 9 40 10 62 22 13 102 4 22 5 38 75 38 51 1 . 40 38 12 28 62 61 57 111 Critical Hits 367 | . 1 . 3 . . 1 1 4 . . 2 1 2 . . 9 . 19 1 7 41 2 10 1 15 45 19 18 3 . 15 24 6 7 44 26 7 33 Critical Kills 134 | . . . 2 . . 1 1 2 . . 2 1 1 . . 5 . 8 1 3 17 . 6 1 7 14 9 7 . . 7 3 3 3 8 10 2 10 Critical Parts Destroyed 192 | . 1 . 1 . . . . 2 . . . . 1 . . 4 . 8 . 4 24 2 3 . 8 31 9 11 3 . 8 17 3 4 15 15 5 13 Melee Attacks 159 | . . . . . . . . . 4 . 3 . . . . . . . . . . . . . . . . . . . . 6 . 36 36 49 21 4 Impact . | . . . . . . . . . . . . . . . . . . . . . . . . . . . . . . . . . . . . . . . Slashing 152 | . . . . . . . . . . . . . . . . . . . . . . . . . . . . . . . . 6 . 36 36 49 21 4 Piercing . | . . . . . . . . . . . . . . . . . . . . . . . . . . . . . . . . . . . . . . . Sneak Attacks 9 | . . . . . . . . . . . 1 . . . . . . . . . . . . . . . . . . . . . . 4 2 2 . . Combat Hostiles . | . . . . . . . . . . . . . . . . . . . . . . . . . . . . . . . . . . . . . . . Follow-up Attacks . | . . . . . . . . . . . . . . . . . . . . . . . . . . . . . . . . . . . . . . . Damage Inflicted 93996 | 74 929 698 2996 159 . 23 3005 953 492 1436 1019 1999 1847 1979 503 1254 450 2818 1127 625 5254 288 1366 306 2150 4744 2150 3009 193 . 3127 6028 1452 2931 5968 8777 8581 13286 Guns 39769 | 74 866 228 2486 97 . 23 2625 139 461 633 682 1999 1755 1409 503 1081 450 2316 156 625 4083 288 773 201 2150 4315 1956 3009 193 . 2124 828 . 553 413 243 32 . Cannons 32959 | . 17 208 136 . . . 129 . . 297 . . 92 . . 173 . . 59 . . . 593 . . 415 194 . . . 1003 4857 1263 692 2699 5188 6814 8130 Explosions 13514 | . . 262 337 . . . 251 599 31 506 337 . . 570 . . . 492 912 . 1171 . . 52 . . . . . . . . 189 . 195 1699 1075 4836 Melee 7218 | . . . . . . . . . . . . . . . . . . . . . . . . . . . . . . . . 320 . 1686 2661 1647 606 298 Ramming 321 | . 46 . 37 62 . . . . . . . . . . . . . 10 . . . . . 53 . 14 . . . . . 23 . . . . 54 22 Kinetic 39352 | 74 866 138 2499 97 . 23 2625 139 461 633 682 1999 1755 1409 503 1081 450 2316 156 625 4083 288 773 201 2150 4315 1956 3009 193 . 2124 828 . 553 134 47 . 167 Thermal 25720 | . 17 298 123 . . . . 215 . 135 15 . . 131 . . . 277 . . . . . 52 . . . . . . . 635 189 . 2321 4429 4856 12027 Explosive 1449 | . . 262 337 . . . 251 599 . . . . . . . . . . . . . . . . . . . . . . . . . . . . . . Electromagnetic 19661 | . . . . . . . 129 . 31 668 322 . 92 439 . 173 . 215 971 . 1171 . 593 . . 415 194 . . . 1003 4222 1263 692 852 2411 3033 772 Impact . | . . . . . . . . . . . . . . . . . . . . . . . . . . . . . . . . . . . . . . . Slashing 7493 | . . . . . . . . . . . . . . . . . . . . . . . . . . . . . . . . 320 . 1686 2661 1890 638 298 Piercing . | . . . . . . . . . . . . . . . . . . . . . . . . . . . . . . . . . . . . . . . Highest Corruption 63 | . . 13 4 4 4 4 1 1 1 1 . 30 30 30 25 28 . . . . 2 . . . . 4 4 8 8 8 . 2 2 4 7 12 13 63 Average Corruption 9 | . . 9 3 4 4 4 1 1 1 1 . 16 30 26 25 27 . . . . 1 . . . . 1 4 6 8 8 . 1 2 2 3 9 8 23 Corruption Purged 12 | . . . . . . . . . . . . . . 6 . . . . . . . . . . . . . . . . . . . . 6 . . . Effects 1226 | . . 12 26 22 16 1 3 2 4 6 . 39 117 188 60 141 . . . . 10 . . . . 4 48 35 20 7 . 26 11 11 59 172 58 128 Message Errors 206 | . . 2 4 8 6 . 2 . 1 4 . . 7 29 10 16 . . . . 2 . . . . . 7 5 6 1 . 11 7 4 16 32 8 18 Matter Fused 187 | . . 1 9 10 6 1 . . . . . 6 12 31 4 13 . . . . . . . . . . 9 5 7 2 . . . 2 10 38 7 14 Heat Flow Errors 101 | . . 1 6 . 3 . . . . . . 1 4 7 6 9 . . . . 2 . . . . . 7 2 . 1 . 6 2 3 7 21 4 9 Energy Discharges 112 | . . 1 2 2 1 . 1 2 2 2 . 1 3 11 3 12 . . . . 1 . . . . . 9 4 3 1 . 4 1 . 11 16 8 11 Parts Rejected 11 | . . . . . . . . . . . . . . 1 . 1 . . . . . . . . . . . 1 . . . . . . 1 1 1 5 Data Loss (minor) 102 | . . 2 3 2 . . . . 1 . . 4 6 14 4 11 . . . . 1 . . . . 1 6 5 3 1 . 5 1 1 6 14 5 6 Data Loss (major) 34 | . . . . . . . . . . . . 2 3 5 3 5 . . . . . . . . . . . 1 . . . . . . 1 7 . 7 Misfires 26 | . . 1 . . . . . . . . . 1 4 3 2 3 . . . . . . . . . . . 1 1 . . . . . . 1 4 5 Alerts 8 | . . . . . . . . . . . . 1 . 3 1 1 . . . . . . . . . . . . . . . . . . . 2 . . Misdirections 93 | . . . . . . . . . . . . 1 10 19 10 28 . . . . . . . . . . . . . . . . . . . 10 3 12 Targeting Errors 277 | . . 4 2 . . . . . . . . 18 56 55 12 32 . . . . 3 . . . . 3 6 8 . 1 . . . 1 4 27 13 32 Weapon Failures 69 | . . . . . . . . . . . . 4 12 10 5 10 . . . . 1 . . . . . 4 3 . . . . . . 3 3 5 9 Overload Shots 3 | . . . . . . . . . . . . . . . . . . . . . . . . . . . . . . . . . . . . 1 2 . Overflow Damage 3484 | . . . . . . . 26 1 . . 1 . . 2 . . . . . . 139 . . 23 . 10 . . . . 19 201 2 98 391 651 804 1116 Projectiles 2019 | . . . . . . . . . . . . . . . . . . . . . . . . . . 10 . . . . 19 201 2 . 95 397 626 669 Explosions 985 | . . . . . . . 26 1 . . 1 . . 2 . . . . . . 139 . . . . . . . . . . . . . . 229 143 444 Melee 480 | . . . . . . . . . . . . . . . . . . . . . . . . 23 . . . . . . . . . 98 296 25 35 3 Knockbacks 9 | . . . 2 . . . . . . . . . . . . . . . . . . . . 1 . . . . . . . 1 . . . . . 5 Impact 2 | . . . . . . . . . . . . . . . . . . . . . . . . 1 . . . . . . . 1 . . . . . . Kinetic 7 | . . . 2 . . . . . . . . . . . . . . . . . . . . . . . . . . . . . . . . . . 5 Secondary . | . . . . . . . . . . . . . . . . . . . . . . . . . . . . . . . . . . . . . . . Self-Inflicted Damage 395 | . . 27 12 . . . . . . 15 30 . . 44 . . . . 30 . 106 . . . . . . . . . . . . . . . . 131 Shots 12 | . . 2 . . . . . . . 1 1 . . 2 . . . . 2 . 2 . . . . . . . . . . . . . . . . 2 Rammed 30 | . 4 . 4 8 . . . . . . . . . . . . . 1 . . . . . 1 . 1 . . . . . 2 . . . . 4 5 Targets Rammed 32 | . 6 . 4 8 . . . . . . . . . . . . . 1 . . . . . 1 . 1 . . . . . 2 . . . . 4 5 Kicked . | . . . . . . . . . . . . . . . . . . . . . . . . . . . . . . . . . . . . . . . Crushed 2 | . 2 . . . . . . . . . . . . . . . . . . . . . . . . . . . . . . . . . . . . . Highest Temperature 606 | . 54 216 293 9 265 . 319 98 68 15 273 185 339 324 245 236 20 48 107 81 417 . 212 90 232 322 240 531 . 219 320 454 215 240 227 310 202 606 Average Temperature 83 | . 13 50 53 9 123 . 36 29 21 5 53 53 114 93 106 64 10 12 43 27 144 . 56 33 75 81 53 188 . 74 88 121 66 85 59 88 50 119 Received Heat Transfer 5656 | . 264 240 672 45 . . 414 27 63 81 120 . 234 281 54 237 9 306 9 4 565 . 60 6 159 62 44 160 . . 130 232 57 54 147 202 220 498 Effects 27 | . . . . . . . . . . . . . . . . . . . . . 6 . . . . 1 . 5 . . . 9 . . . 1 . 5 Shutdowns 15 | . . . . . . . . . . . . . . . . . . . . . 1 . . . . . . 4 . . . 7 . . . . . 3 Energy Bleed 3 | . . . . . . . . . . . . . . . . . . . . . 2 . . . . . . . . . . . . . . 1 . . Interference 2 | . . . . . . . . . . . . . . . . . . . . . 2 . . . . . . . . . . . . . . . . . Matter Decay 2 | . . . . . . . . . . . . . . . . . . . . . . . . . . . . 1 . . . 1 . . . . . . Short Circuit 1 | . . . . . . . . . . . . . . . . . . . . . . . . . . . . . . . . 1 . . . . . . Damage (minor) 4 | . . . . . . . . . . . . . . . . . . . . . 1 . . . . 1 . . . . . . . . . . . 2 Siege Activations 37 | . . . . . . . . . . . . . 1 1 . . . 2 . . 2 . . . 1 3 4 1 . . 5 4 2 . 1 2 3 5 Total Turns 1074 | . . . . . . . . . . . . . 17 8 . . . 21 . . 176 . . . 17 78 191 56 . . 98 44 137 . 44 17 42 128 Longest Duration 152 | . . . . . . . . . . . . . 17 8 . . . 11 . . 152 . . . 17 44 61 56 . . 27 21 112 . 44 9 22 62 Robots Corrupted 96 | . . . . . . . . . . 5 . . . 2 . . . . 4 . 2 . 4 . . 1 1 . . . 5 24 8 4 5 11 16 4 Combat Hostiles 82 | . . . . . . . . . . 2 . . . 2 . . . . 4 . . . 2 . . 1 1 . . . 5 22 8 4 4 11 13 3 Parts Fried 189 | . . . . . . . 1 . . 2 1 . . . . 2 . . 5 . 9 . 2 . . 4 1 1 . . 9 49 16 6 11 30 33 7 Impact Corruptions 1 | . . . . . . . . . . . . . . . . . . . . . . . . 1 . . . . . . . . . . . . . . Robots Melted 5 | . . . . . . . . . . . . . . . . . . . . . . . . . . . . . . . . . . . . 1 3 1 Combat Hostiles 5 | . . . . . . . . . . . . . . . . . . . . . . . . . . . . . . . . . . . . 1 3 1 Parts Melted 53 | . . . 1 1 . . . . . . . . . . . . . 1 . . . . . 2 . 1 . . . . . 8 . . 3 8 22 6 Heat Transferred 18202 | . 37 703 370 . . . . 703 . 150 50 . . 150 . . . 300 . . . . . 50 . . . . . . . 650 100 . 1811 3003 3484 6641 Parts Sabotaged 6 | . . . . . . . . . . . . . . . . . . . . . . . . . . . . 5 . . . . . . . . . 1 Parts Stolen . | . . . . . . . . . . . . . . . . . . . . . . . . . . . . . . . . . . . . . . . Parts Stripped . | . . . . . . . . . . . . . . . . . . . . . . . . . . . . . . . . . . . . . . . Power Chain Reactions 16 | . . . . . . . . . . 2 3 . . 4 . . . 4 . . . . . . . . . . . . . . 1 . 1 1 . . Missiles Intercepted 6 | . . . . . . . . . . . . . . . . . . . . . . . . . . . . . . . . . . . . . . 6 Alert | -11 -10 -10 -9 -9 -9 -8 -8 -8 -8 -8 -7 -7 -7 -7 -7 -7 -6 -6 -6 -6 -6 -5 -5 -5 -5 -4 -4 -4 -4 -4 -3 -3 -3 -2 -2 -2 -1 -1 ------- Run | Scr Mat Min Mat Min Exi Min Mat Gar Mat Gar Fac Was Fac Gar Fac Gar Fac Ext Cet Arc Hub Fac Gar Fac Gar Fac Gar Fac Upp Upp Res Qua Gar Res Tes Sec Acc Com Peak Influence 2284 | 15 274 295 745 295 . 32 187 606 570 901 658 168 356 846 510 634 505 726 757 449 1114 545 846 637 980 743 1154 1299 . . 378 745 619 348 278 481 1123 2284 Initial 605 | . 9 5 15 290 . . 12 109 295 351 472 168 117 126 443 262 332 81 356 274 9 545 301 443 343 514 520 605 . . 330 168 270 348 147 127 110 393 Average 387 | 6 89 121 422 147 . 4 72 423 424 690 523 168 259 327 414 506 416 235 589 229 431 466 647 468 807 290 897 983 . . 275 379 474 133 124 229 494 467 Maximum Alert Level 5 | . 1 1 3 1 . . . 2 2 3 2 . 1 3 2 2 2 3 3 2 4 2 3 2 3 3 4 4 . . 1 3 2 1 1 2 4 5 Low Security (%) 33 | 100 90 82 21 66 . 100 100 20 . . . 100 29 50 . . 6 60 . 43 41 . . . . 19 . . . . 22 14 . 75 84 53 22 . Level 1 24 | . 9 17 25 33 . . . 22 36 16 . . 70 17 32 29 16 15 7 30 23 37 17 . 5 65 . . . . 77 62 22 24 15 32 7 21 Level 2 27 | . . . 44 . . . . 57 63 29 100 . . 20 67 70 76 20 71 25 5 62 31 100 22 12 15 14 . . . 19 77 . . 13 48 71 Level 3 13 | . . . 8 . . . . . . 54 . . . 10 . . . 2 20 . 23 . 51 . 72 2 77 64 . . . 3 . . . . 20 . Level 4 . | . . . . . . . . . . . . . . . . . . . . . 6 . . . . . 6 21 . . . . . . . . . . Level 5 . | . . . . . . . . . . . . . . . . . . . . . . . . . . . . . . . . . . . . . . 6 High Security . | . . . . . . . . . . . . . . . . . . . . . . . . . . . . . . . . . . . . . . . Max Security . | . . . . . . . . . . . . . . . . . . . . . . . . . . . . . . . . . . . . . . . Squads Dispatched 105 | . 1 . 9 . . . 3 . 5 . 4 . 8 . 2 . 1 2 . . 12 2 . 2 . 6 . 6 . . 3 5 . 2 9 8 11 4 Investigation 18 | . . . 3 . . . . . 3 . 2 . . . 1 . 1 1 . . 1 1 . 1 . 1 . . . . . 1 . . . 1 1 . Extermination 33 | . . . . . . . . . . . 1 . 1 . 1 . . . . . 3 1 . . . 3 . 1 . . 1 1 . 1 4 6 6 3 Reinforcement 34 | . 1 . 4 . . . 1 . 1 . 1 . 4 . . . . 1 . . 4 . . . . 2 . 1 . . 2 3 . 1 5 1 1 1 Assault 12 | . . . 2 . . . . . . . . . . . . . . . . . 2 . . 1 . . . 4 . . . . . . . . 3 . Garrison 8 | . . . . . . . 2 . 1 . . . 3 . . . . . . . 2 . . . . . . . . . . . . . . . . . Intercept . | . . . . . . . . . . . . . . . . . . . . . . . . . . . . . . . . . . . . . . . Construction Impeded 6 | . . . . . . . . . . . . . 1 . . . . 1 . . 2 . . . . . . 1 . . 1 . . . . . . . Haulers Reinforced 4 | . . . . . . . . . . . . . 1 . . . . . . . . . . . . 2 . . . . . 1 . . . . . . Alert ID Control Effect 31 | . . . . . . . . . . . . . . . . 1 1 5 . . . . 6 1 7 3 3 2 . . . . . . . . 2 . Stealth | -11 -10 -10 -9 -9 -9 -8 -8 -8 -8 -8 -7 -7 -7 -7 -7 -7 -6 -6 -6 -6 -6 -5 -5 -5 -5 -4 -4 -4 -4 -4 -3 -3 -3 -2 -2 -2 -1 -1 --------- Run | Scr Mat Min Mat Min Exi Min Mat Gar Mat Gar Fac Was Fac Gar Fac Gar Fac Ext Cet Arc Hub Fac Gar Fac Gar Fac Gar Fac Upp Upp Res Qua Gar Res Tes Sec Acc Com Distress Signals 21 | . 2 . 5 . . . 4 . . . . . . . . . . 1 . 1 3 . . 1 . . . . . . . 1 . . 1 1 1 . Communications Jammed 187 | . . . . . . . . . . . . . . . . . . . . . 2 . . . . 87 . . . . 2 23 . 12 13 6 36 6 Distress Signals 187 | . . . . . . . . . . . . . . . . . . . . . 2 . . . . 87 . . . . 2 23 . 12 13 6 36 6 Times Spotted 1015 | . 26 21 66 3 . 1 32 13 11 8 14 6 22 25 8 21 9 40 12 15 46 3 26 5 48 45 34 43 5 4 40 56 11 23 47 57 76 93 Peak Tracking Total 55 | . 4 4 7 3 . 1 6 4 3 4 4 1 5 4 2 8 3 5 5 1 11 2 4 2 6 5 5 10 2 4 8 7 3 3 7 6 6 55 Tactical Retreats 74 | . 1 2 5 . . . 2 2 1 5 1 . . 1 . 1 . 1 . . 3 . . . 10 2 8 2 . . 3 4 1 . 6 4 6 3 Traps | -11 -10 -10 -9 -9 -9 -8 -8 -8 -8 -8 -7 -7 -7 -7 -7 -7 -6 -6 -6 -6 -6 -5 -5 -5 -5 -4 -4 -4 -4 -4 -3 -3 -3 -2 -2 -2 -1 -1 ------- Run | Scr Mat Min Mat Min Exi Min Mat Gar Mat Gar Fac Was Fac Gar Fac Gar Fac Ext Cet Arc Hub Fac Gar Fac Gar Fac Gar Fac Upp Upp Res Qua Gar Res Tes Sec Acc Com Traps Triggered 83 | . . . 4 . . . 1 4 2 5 1 . . 10 . 3 1 6 . . . . 6 . 7 . 16 . . . 2 4 5 1 1 3 1 . Indirectly 6 | . . . . . . . . . 1 . . . . 4 . . . 1 . . . . . . . . . . . . . . . . . . . . Trap Hack Attempts . | . . . . . . . . . . . . . . . . . . . . . . . . . . . . . . . . . . . . . . . Triggered . | . . . . . . . . . . . . . . . . . . . . . . . . . . . . . . . . . . . . . . . Disarmed . | . . . . . . . . . . . . . . . . . . . . . . . . . . . . . . . . . . . . . . . Reprogrammed . | . . . . . . . . . . . . . . . . . . . . . . . . . . . . . . . . . . . . . . . Reused . | . . . . . . . . . . . . . . . . . . . . . . . . . . . . . . . . . . . . . . . Traps Extracted . | . . . . . . . . . . . . . . . . . . . . . . . . . . . . . . . . . . . . . . . Installed . | . . . . . . . . . . . . . . . . . . . . . . . . . . . . . . . . . . . . . . . Triggered . | . . . . . . . . . . . . . . . . . . . . . . . . . . . . . . . . . . . . . . . Exploded 1 | . . . . . 1 . . . . . . . . . . . . . . . . . . . . . . . . . . . . . . . . . Machines | -11 -10 -10 -9 -9 -9 -8 -8 -8 -8 -8 -7 -7 -7 -7 -7 -7 -6 -6 -6 -6 -6 -5 -5 -5 -5 -4 -4 -4 -4 -4 -3 -3 -3 -2 -2 -2 -1 -1 ---------- Run | Scr Mat Min Mat Min Exi Min Mat Gar Mat Gar Fac Was Fac Gar Fac Gar Fac Ext Cet Arc Hub Fac Gar Fac Gar Fac Gar Fac Upp Upp Res Qua Gar Res Tes Sec Acc Com Machines Disabled 145 | . . 2 . 1 . . 1 1 . 2 2 . . 4 . 2 2 6 1 3 28 . 6 5 6 9 7 1 . . 1 13 6 . 12 13 4 7 Max in Single Turn 10 | . . 1 . . . . 1 1 . 1 1 . . 1 . 1 . 2 . 1 10 . 1 4 1 1 1 1 . . 1 2 1 . 2 1 1 3 Garrison Access 7 | . . . . . . . . . . . . . . . . . . . . . 2 . . . . . . . . . . . . . 1 1 3 . Garrison Relay 24 | . . . . . . . . 1 . 2 . . . 4 . 2 . . . . . . 4 . 5 . 4 . . . . . 2 . . . . . Network Hub 3 | . . . . . . . . . . . . . . . . . . . . . 3 . . . . . . . . . . . . . . . . . Machines Sabotaged 1 | . . . . . . . . . . . . . . . . . . . . . 1 . . . . . . . . . . . . . . . . . Garrisons Compromised . | . . . . . . . . . . . . . . . . . . . . . . . . . . . . . . . . . . . . . . . Overloaded Fab Kills . | . . . . . . . . . . . . . . . . . . . . . . . . . . . . . . . . . . . . . . . Fab Network Shutdowns 3 | . . . . . . . . . . . . . . . . . . . . . . . . . . 1 . 1 . . . . . . . . 1 . Hacking | -11 -10 -10 -9 -9 -9 -8 -8 -8 -8 -8 -7 -7 -7 -7 -7 -7 -6 -6 -6 -6 -6 -5 -5 -5 -5 -4 -4 -4 -4 -4 -3 -3 -3 -2 -2 -2 -1 -1 --------- Run | Scr Mat Min Mat Min Exi Min Mat Gar Mat Gar Fac Was Fac Gar Fac Gar Fac Ext Cet Arc Hub Fac Gar Fac Gar Fac Gar Fac Upp Upp Res Qua Gar Res Tes Sec Acc Com Machines Accessed 141 | . 7 . 10 . 2 . 6 . 3 . 5 . 3 . 4 . 4 11 1 . 10 2 . 1 . 11 . 1 . . 2 8 . 3 10 16 15 6 Terminals 100 | . 6 . 7 . . . 4 . 1 . 4 . . . 1 . 2 11 1 . 10 1 . . . 6 . . . . 2 6 . 3 7 13 9 6 Fabricators 14 | . . . . . . . . . . . 1 . 2 . 2 . 2 . . . . . . . . 4 . 1 . . . . . . 1 . 1 . Repair Stations 4 | . 1 . 1 . . . 1 . . . . . . . . . . . . . . . . . . . . . . . . . . . . . 1 . Recycling Units 3 | . . . 2 . . . . . 1 . . . . . . . . . . . . . . . . . . . . . . . . . . . . . Scanalyzers 5 | . . . . . . . . . . . . . . . . . . . . . . . . . . . . . . . . 1 . . 1 2 1 . Garrison Access 13 | . . . . . . . 1 . 1 . . . 1 . 1 . . . . . . 1 . 1 . 1 . . . . . 1 . . 1 1 3 . Total Hacks 507 | . 23 . 24 . 5 . 14 . 6 . 17 . 8 . 7 . 10 23 1 . 32 6 . 4 . 53 . 13 . . 9 35 . 17 49 51 67 33 Successful 242 | . 13 . 16 . 5 . 9 . 5 . 8 . 4 . 3 . 4 17 1 . 18 2 . 1 . 28 . 6 . . 3 13 . 7 18 23 28 10 Failed 264 | . 9 . 8 . . . 5 . 1 . 9 . 4 . 4 . 6 6 . . 14 4 . 3 . 25 . 7 . . 6 22 . 10 31 28 39 23 Catastrophic 67 | . 1 . 2 . . . 1 . 1 . 1 . . . . . 2 2 . . 2 3 . 1 . 5 . . . . . 7 . 4 7 10 12 6 Database Lockouts 1 | . 1 . . . . . . . . . . . . . . . . . . . . . . . . . . . . . . . . . . . . . Manual 220 | . 9 . 11 . 1 . 7 . 3 . 8 . 1 . 2 . 5 10 1 . 19 2 . 3 . 15 . 4 . . 4 22 . 4 21 32 16 20 Terminals 389 | . 19 . 15 . . . 10 . 2 . 14 . . . 1 . 6 23 1 . 32 3 . . . 35 . . . . 9 29 . 17 40 47 53 33 Fabricators 52 | . . . . . . . . . . . 3 . 6 . 4 . 4 . . . . . . . . 16 . 13 . . . . . . 4 . 2 . Repair Stations 15 | . 4 . 4 . . . 2 . . . . . . . . . . . . . . . . . . . . . . . . . . . . . 5 . Recycling Units 6 | . . . 5 . . . . . 1 . . . . . . . . . . . . . . . . . . . . . . . . . . . . . Scanalyzers 13 | . . . . . . . . . . . . . . . . . . . . . . . . . . . . . . . . 4 . . 3 3 3 . Garrison Access 27 | . . . . . . . 2 . 3 . . . 2 . 2 . . . . . . 3 . 4 . 2 . . . . . 2 . . 2 1 4 . Terminal Hacks 122 | . 9 . 6 . 5 . 4 . 1 . 3 . . . . . 3 15 1 . 9 . . . . 13 . . . . 1 5 . 6 9 11 18 3 Record 4 | . . . . . 4 . . . . . . . . . . . . . . . . . . . . . . . . . . . . . . . . . Part Schematic 12 | . 1 . . . . . . . . . 1 . . . . . . 3 . . 2 . . . . 3 . . . . . 1 . . 1 . . . Robot Schematic 4 | . 1 . 1 . . . . . . . . . . . . . 1 . . . . . . . . . . . . . . 1 . . . . . . Robot Analysis 4 | . . . . . . . 1 . . . . . . . . . . 1 . . . . . . . 1 . . . . . . . 1 . . . . Prototype ID Bank 9 | . 3 . 1 . . . . . . . 1 . . . . . . 1 . . . . . . . 1 . . . . . . . 1 . . . 1 Open Door 16 | . . . . . . . . . . . . . . . . . 1 6 1 . . . . . . . . . . . 1 . . . . 5 1 1 Level Access Points 1 | . . . . . . . . . . . . . . . . . . . . . . . . . . . . . . . . . . . . . 1 . Branch Access Points 4 | . . . 1 . . . 1 . . . . . . . . . . . . . . . . . . . . . . . . . . 1 . . 1 . Machine Index 2 | . . . . . . . . . . . . . . . . . . . . . . . . . . 1 . . . . . . . . 1 . . . Terminal Index 5 | . . . . . . . . . . . . . . . . . . . . . 1 . . . . . . . . . . . . . 1 1 1 1 Scanalyzer Index 1 | . . . . . . . . . . . . . . . . . . . . . . . . . . . . . . . . . . . . . 1 . Garrison Index 1 | . . . . . . . . . . . . . . . . . . . . . . . . . . . . . . . . . . . . . 1 . Unreport Threat 27 | . 1 . . . . . 2 . . . . . . . . . 1 3 . . 2 . . . . 4 . . . . . 2 . 2 2 3 5 . Locate Traps 7 | . 1 . 1 . . . . . . . . . . . . . . . . . . . . . . 2 . . . . . . . . 1 . 2 . Maintenance Status 2 | . 1 . . . . . . . . . . . . . . . . . . . 1 . . . . . . . . . . . . . . . . . Surveillance Status 1 | . . . . . . . . . . . . . . . . . . . . . . . . . . 1 . . . . . . . . . . . . Patrol Status 1 | . 1 . . . . . . . . . . . . . . . . . . . . . . . . . . . . . . . . . . . . . Recall Investigation 1 | . . . . . . . . . . . 1 . . . . . . . . . . . . . . . . . . . . . . . . . . . Recall Extermination 1 | . . . . . . . . . . . . . . . . . . . . . . . . . . . . . . . . . . . . . 1 . Recall Reinforcements 2 | . . . . . . . . . . . . . . . . . . . . . 1 . . . . . . . . . . . . . 1 . . . Recall Assault 2 | . . . . . . . . . . . . . . . . . . . . . . . . . . . . . . . . . . . . . 2 . Hauler Manifests 2 | . . . . . . . . . . . . . . . . . . 1 . . . . . . . . . . . . . . . . . . 1 . Registered Components 1 | . . . 1 . . . . . . . . . . . . . . . . . . . . . . . . . . . . . . . . . . . Registered Prototypes 1 | . . . . . . . . . . . . . . . . . . . . . . . . . . . . . . . . . . . . 1 . . Zone Layout 10 | . . . 1 . . . . . 1 . . . . . . . . . . . 2 . . . . . . . . . . 1 . 1 2 1 1 . EX-Prototype ID Bank 1 | . . . . . 1 . . . . . . . . . . . . . . . . . . . . . . . . . . . . . . . . . Fabricator Hacks 24 | . . . . . . . . . . . 2 . 3 . 1 . 1 . . . . . . . . 8 . 5 . . . . . . 2 . 2 . Load Schematic 10 | . . . . . . . . . . . 1 . 1 . 1 . 1 . . . . . . . . 3 . 1 . . . . . . 1 . 1 . Build 14 | . . . . . . . . . . . 1 . 2 . . . . . . . . . . . . 5 . 4 . . . . . . 1 . 1 . Repair Station Hacks 11 | . 4 . 4 . . . 2 . . . . . . . . . . . . . . . . . . . . . . . . . . . . . 1 . Scan Component 6 | . 2 . 2 . . . 1 . . . . . . . . . . . . . . . . . . . . . . . . . . . . . 1 . Repair 5 | . 2 . 2 . . . 1 . . . . . . . . . . . . . . . . . . . . . . . . . . . . . . . Recycling Unit Hacks 2 | . . . 2 . . . . . . . . . . . . . . . . . . . . . . . . . . . . . . . . . . . Retrieve Components 2 | . . . 2 . . . . . . . . . . . . . . . . . . . . . . . . . . . . . . . . . . . Scanalyzer 4 | . . . . . . . . . . . . . . . . . . . . . . . . . . . . . . . . 2 . . . 1 1 . Insert Component 4 | . . . . . . . . . . . . . . . . . . . . . . . . . . . . . . . . 2 . . . 1 1 . Garrison Access Hacks 14 | . . . . . . . 1 . 1 . . . 1 . 1 . . . . . . 1 . 1 . 1 . . . . . 1 . . 1 1 4 . Unlock Access 9 | . . . . . . . 1 . 1 . . . 1 . 1 . . . . . . 1 . 1 . 1 . . . . . 1 . . . . 1 . Seal Access 5 | . . . . . . . . . . . . . . . . . . . . . . . . . . . . . . . . . . . 1 1 3 . Unauthorized Hacks 65 | . . . 4 . . . 2 . 3 . 3 . . . 1 . . 2 . . 9 1 . . . 6 . 1 . . 2 5 . 1 6 10 2 7 Terminals 53 | . . . 2 . . . 1 . . . 3 . . . . . . 2 . . 9 . . . . 4 . . . . 2 5 . 1 5 10 2 7 Track 27 | . . . 2 . . . . . . . 1 . . . . . . . . . 5 . . . . 1 . . . . 1 1 . 1 3 7 1 4 Botnet 23 | . . . . . . . 1 . . . 1 . . . . . . 2 . . 3 . . . . 3 . . . . 1 4 . . 2 3 1 2 Operators 2 | . . . . . . . . . . . 1 . . . . . . . . . . . . . . . . . . . . . . . . . . 1 Sabotage 1 | . . . . . . . . . . . . . . . . . . . . . 1 . . . . . . . . . . . . . . . . . Fabricators 2 | . . . . . . . . . . . . . . . . . . . . . . . . . . 1 . 1 . . . . . . . . . . Prioritize 1 | . . . . . . . . . . . . . . . . . . . . . . . . . . . . 1 . . . . . . . . . . Haulers 1 | . . . . . . . . . . . . . . . . . . . . . . . . . . 1 . . . . . . . . . . . . Repair Stations . | . . . . . . . . . . . . . . . . . . . . . . . . . . . . . . . . . . . . . . . Recycling Units 3 | . . . 2 . . . . . 1 . . . . . . . . . . . . . . . . . . . . . . . . . . . . . Tunnel 3 | . . . 2 . . . . . 1 . . . . . . . . . . . . . . . . . . . . . . . . . . . . . Scanalyzers 1 | . . . . . . . . . . . . . . . . . . . . . . . . . . . . . . . . . . . 1 . . . Researchers 1 | . . . . . . . . . . . . . . . . . . . . . . . . . . . . . . . . . . . 1 . . . Garrison Access 6 | . . . . . . . 1 . 2 . . . . . 1 . . . . . . 1 . . . 1 . . . . . . . . . . . . Restock 2 | . . . . . . . 1 . 1 . . . . . . . . . . . . . . . . . . . . . . . . . . . . . Eject 4 | . . . . . . . . . 1 . . . . . 1 . . . . . . 1 . . . 1 . . . . . . . . . . . . Data Cores Recovered 5 | . . . . . . . 1 . . . 1 . . . . . . . . . 1 . . 1 . . . . . . . . . . . 1 . . Used 2 | . . . . . . . 1 . . . . . . . . . . . . . . . . . . . . . . . . . . . . 1 . . Hacking Detections 112 | . 6 . 8 . . . 6 . 1 . 5 . 3 . 4 . 3 8 . . 10 2 . 1 . 8 . 1 . . 2 7 . 3 7 10 12 5 Full Trace Events 8 | . . . . . . . . . 1 . 2 . . . . . 1 1 . . . . . 1 . . . . . . . . . . . 1 1 . Feedback Events . | . . . . . . . . . . . . . . . . . . . . . . . . . . . . . . . . . . . . . . . Feedback Blocked . | . . . . . . . . . . . . . . . . . . . . . . . . . . . . . . . . . . . . . . . Robot Schematics Acquired 4 | . 1 . 1 . . . . . . . . . . . . . 1 . . . . . . . . . . . . . . 1 . . . . . . Robots Built 14 | . . . . . . . . . . . 1 . 1 . . . . . . . . . . . . 2 . 8 . . . . . . . . 2 . Matter 1818 | . . . . . . . . . . . 153 . 153 . . . . . . . . . . . . 252 . 1008 . . . . . . . . 252 . Time 567 | . . . . . . . . . . . 40 . 81 . . . . . . . . . . . . 67 . 335 . . . . . . . . 44 . Total Robot Build Rating 50 | . . . . . . . . . . . 1 . 1 . . . . . . . . . . . . 8 . 32 . . . . . . . . 8 . Part Schematics Acquired 12 | . 1 . . . . . . . . . 1 . . . . . . 3 . . 2 . . . . 3 . . . . . 1 . . 1 . . . Parts Built 8 | . . . . . . . . . . . . . 2 . . . . . . . . . . . . 5 . . . . . . . . 1 . . . Matter 1104 | . . . . . . . . . . . . . 190 . . . . . . . . . . . . 658 . . . . . . . . 256 . . . Time 253 | . . . . . . . . . . . . . 47 . . . . . . . . . . . . 164 . . . . . . . . 42 . . . Total Part Build Rating 49 | . . . . . . . . . . . . . 10 . . . . . . . . . . . . 31 . . . . . . . . 8 . . . Parts Repaired 5 | . 2 . 2 . . . 1 . . . . . . . . . . . . . . . . . . . . . . . . . . . . . . . Time 142 | . 52 . 52 . . . 38 . . . . . . . . . . . . . . . . . . . . . . . . . . . . . . . Parts Recycled . | . . . . . . . . . . . . . . . . . . . . . . . . . . . . . . . . . . . . . . . Recycled Matter . | . . . . . . . . . . . . . . . . . . . . . . . . . . . . . . . . . . . . . . . Retrieved Matter . | . . . . . . . . . . . . . . . . . . . . . . . . . . . . . . . . . . . . . . . Retrieved Components 18 | . . . 18 . . . . . . . . . . . . . . . . . . . . . . . . . . . . . . . . . . . Parts Scanalyzed . | . . . . . . . . . . . . . . . . . . . . . . . . . . . . . . . . . . . . . . . Part Schematics Acquired . | . . . . . . . . . . . . . . . . . . . . . . . . . . . . . . . . . . . . . . . Parts Damaged . | . . . . . . . . . . . . . . . . . . . . . . . . . . . . . . . . . . . . . . . Bothacking | -11 -10 -10 -9 -9 -9 -8 -8 -8 -8 -8 -7 -7 -7 -7 -7 -7 -6 -6 -6 -6 -6 -5 -5 -5 -5 -4 -4 -4 -4 -4 -3 -3 -3 -2 -2 -2 -1 -1 ------------ Run | Scr Mat Min Mat Min Exi Min Mat Gar Mat Gar Fac Was Fac Gar Fac Gar Fac Ext Cet Arc Hub Fac Gar Fac Gar Fac Gar Fac Upp Upp Res Qua Gar Res Tes Sec Acc Com Used RIF Installer 8 | . . . . . . . . 1 . 1 . . . 1 . 1 . . . . . . 1 . 1 . 1 . . . . . 1 . . . . . Command Fork 1 | . . . . . . . . . . 1 . . . . . . . . . . . . . . . . . . . . . . . . . . . . Threat Obfuscator 1 | . . . . . . . . . . . . . . . . . . . . . . . . . 1 . . . . . . . . . . . . . Zone Cloak 1 | . . . . . . . . . . . . . . . . . . . . . . . 1 . . . . . . . . . . . . . . . Patrol Navigation 1 | . . . . . . . . . . . . . . . . 1 . . . . . . . . . . . . . . . . . . . . . . Watcher Feeds 1 | . . . . . . . . . . . . . . . . . . . . . . . . . . . 1 . . . . . . . . . . . Alert ID Control 1 | . . . . . . . . . . . . . . 1 . . . . . . . . . . . . . . . . . . . . . . . . Structural Interface 1 | . . . . . . . . . . . . . . . . . . . . . . . . . . . . . . . . . 1 . . . . . Robots Hacked 86 | . . . . . . . . . 2 . 1 6 2 3 6 2 4 1 . . 2 . 9 1 7 10 3 2 . 3 4 2 . . 7 5 3 1 Non-combat 21 | . . . . . . . . . . . . . . . 2 . 2 1 . . 2 . . . . 6 . . . . 1 . . . 4 2 1 . Combat 64 | . . . . . . . . . 2 . 1 6 2 3 4 2 2 . . . . . 9 1 7 4 3 2 . 3 3 2 . . 3 3 2 . Robot Hacks Applied 101 | . . . . . . . . . 3 . 2 6 2 3 7 2 4 1 . . 4 . 9 2 7 12 3 3 . 3 6 3 . . 9 7 3 . parse_system 3 | . . . . . . . . . . . . . . . . . . . . . . . . . . . . . . . . . . . 2 . 1 . ignore_repairs 1 | . . . . . . . . . . . . . . . . . . . . . 1 . . . . . . . . . . . . . . . . . drop_inventory 12 | . . . . . . . . . . . . . . . 1 . 2 1 . . . . . . . 5 . . . . . . . . 2 1 . . purge_threat 5 | . . . . . . . . . . . . . . . . . . . . . 1 . . . . . . . . . 1 . . . 1 2 . . locate_traps 1 | . . . . . . . . . . . . . . . . . . . . . 1 . . . . . . . . . . . . . . . . . disarm_traps 1 | . . . . . . . . . . . . . . . . . . . . . 1 . . . . . . . . . . . . . . . . . block_reporting 2 | . . . . . . . . . . . . . . . . . . . . . . . . . . . . . . . . . . . 2 . . . map_route 2 | . . . . . . . . . . . . . . . 1 . . . . . . . . . . 1 . . . . . . . . . . . . disable_scanner 3 | . . . . . . . . . . . . . . . . . . . . . . . . . . . . . . . . 1 . . 1 1 . . locate_prototypes 3 | . . . . . . . . . . . . . . . . . . . . . . . . . . . . . . . . 1 . . 1 1 . . ignore_targets 6 | . . . . . . . . . . . . 6 . . . . . . . . . . . . . . . . . . . . . . . . . . find_garrison 7 | . . . . . . . . . 1 . 1 . . . 1 . . . . . . . . 1 . 1 . 1 . . 1 . . . . . . . spike_heat 3 | . . . . . . . . . . . . . . . . . . . . . . . . . . 2 . . . . . . . . . . 1 . amplify_resonance 1 | . . . . . . . . . . . . . . . . . . . . . . . 1 . . . . . . . . . . . . . . . wipe_record 1 | . . . . . . . . . . . . . . . . . . . . . . . . . 1 . . . . . . . . . . . . . reboot_system 3 | . . . . . . . . . . . . . . 1 . . . . . . . . . . . 1 . 1 . . . . . . . . . . overwrite_iff 3 | . . . . . . . . . . . . . . . . . . . . . . . . . 2 . . . . 1 . . . . . . . . streamctrl_high 5 | . . . . . . . . . 1 . . . . . . 1 . . . . . . 1 . . . . . . . 2 . . . . . . . formatsys_low 3 | . . . . . . . . . . . . . . . . . . . . . . . . . . . . . . . 1 1 . . . 1 . . formatsys_high 36 | . . . . . . . . . 1 . 1 . 2 2 4 1 2 . . . . . 7 1 4 2 3 1 . 2 1 . . . . 1 1 . Manual 1 | . . . . . . . . . . . . . . . . . . . . . . . . . . . . . . . . . . . . . . 1 Relay Couplers Released 127 | . . . . . . . 3 5 3 6 . . 4 17 4 6 . . . . 1 4 15 . 16 3 16 . . . . 3 10 . 3 3 5 . Ejected 14 | . . . . . . . . . 3 . . . . . 4 . . . . . . 4 . . . 3 . . . . . . . . . . . . Machine Destruction 100 | . . . . . . . . 5 . 6 . . . 17 . 6 . . . . 1 . 15 . 16 . 16 . . . . . 10 . 3 . 5 . Programmers 13 | . . . . . . . 3 . . . . . 4 . . . . . . . . . . . . . . . . . . 3 . . . 3 . . Attached 40 | . . . . . . . . . 1 . 1 1 2 2 4 2 2 . . . 1 . 5 . 3 3 3 1 . 1 2 1 . . 1 2 2 . Robots Rewired 25 | . . . . . . . . . . . . . . . . 3 . 18 . . . . . . . . . . . . . . . . 4 . . . Allies Hacked 2 | . . . . . . . . . . . . . . . . . . . . . . . . . . . . 2 . . . . . . . . . . Hacks Repelled 1 | . . . . . . . . . . . . . . . . . . . . . . . . . . . . 1 . . . . . . . . . . Allies | -11 -10 -10 -9 -9 -9 -8 -8 -8 -8 -8 -7 -7 -7 -7 -7 -7 -6 -6 -6 -6 -6 -5 -5 -5 -5 -4 -4 -4 -4 -4 -3 -3 -3 -2 -2 -2 -1 -1 -------- Run | Scr Mat Min Mat Min Exi Min Mat Gar Mat Gar Fac Was Fac Gar Fac Gar Fac Ext Cet Arc Hub Fac Gar Fac Gar Fac Gar Fac Upp Upp Res Qua Gar Res Tes Sec Acc Com Total Allies 105 | . . . . 3 . . . . 2 . 2 . 4 2 4 5 2 27 2 . . . 8 1 7 4 3 10 . 4 4 1 . . 4 3 3 . Largest Group 19 | . . . . 3 3 3 1 . 2 . 2 2 4 4 3 3 4 19 18 8 6 . 4 5 5 3 2 8 6 6 5 1 . . 2 3 2 . Highest-Rated Group 707 | . . . . 40 40 40 16 . 32 . 43 43 75 75 53 114 152 707 687 410 240 . 148 195 195 134 84 300 224 265 215 45 . . 159 172 76 . Highest-Rated Ally 159 | . . . . 16 16 16 16 . 16 . 32 32 32 32 21 38 47 156 156 150 94 . 49 49 49 49 47 49 49 58 64 45 . . 159 58 69 . Total Orders 60 | . . . . . . . . . 3 . 5 . 2 7 . 2 . 2 5 . . . 4 . . . . 2 . . 6 . . 1 . 2 18 1 STAY 18 | . . . . . . . . . 2 . 1 . 1 5 . 1 . 1 3 . . . 2 . . . . 1 . . . . . . . . 1 . FOLLOW 11 | . . . . . . . . . 1 . 1 . . 1 . 1 . 1 2 . . . 2 . . . . 1 . . . . . . . . 1 . AID 5 | . . . . . . . . . . . 3 . 1 1 . . . . . . . . . . . . . . . . . . . . . . . . EXPLORE 13 | . . . . . . . . . . . . . . . . . . . . . . . . . . . . . . . 3 . . . . . 9 1 RETURN 13 | . . . . . . . . . . . . . . . . . . . . . . . . . . . . . . . 3 . . 1 . 2 7 . Ally Attacks 824 | . . . . 16 . 5 7 . 9 . 7 19 5 26 3 17 23 152 71 7 63 . 52 12 55 33 25 80 42 21 26 1 . . 25 10 12 . Total Damage 20346 | . . . . 195 . 41 48 . 98 . 212 1090 187 478 15 314 571 3035 1897 160 1907 . 846 542 1395 901 403 1644 725 321 840 . . . 1639 231 611 . Kills 130 | . . . . 2 . . 1 . . . 6 2 . 4 . 3 4 31 12 2 13 . 6 1 7 6 3 11 6 . 3 . . . 5 . 2 . Allies Corrupted 6 | . . . . . . . . . . . . . . . . . . . . . . . . . . . . . . . . 1 . . 2 1 2 . Allies Melted . | . . . . . . . . . . . . . . . . . . . . . . . . . . . . . . . . . . . . . . . Intel | -11 -10 -10 -9 -9 -9 -8 -8 -8 -8 -8 -7 -7 -7 -7 -7 -7 -6 -6 -6 -6 -6 -5 -5 -5 -5 -4 -4 -4 -4 -4 -3 -3 -3 -2 -2 -2 -1 -1 ------- Run | Scr Mat Min Mat Min Exi Min Mat Gar Mat Gar Fac Was Fac Gar Fac Gar Fac Ext Cet Arc Hub Fac Gar Fac Gar Fac Gar Fac Upp Upp Res Qua Gar Res Tes Sec Acc Com Robot Analysis Total 4 | . . . . . . . 1 . . . . . . . . . . 1 . . . . . . . 1 . . . . . . . 1 . . . . Derelict Logs Recovered 2 | . . . . 1 . . . . . . . . . . . . . . . . . . . . . . . . 1 . . . . . . . . . Drone Launches 35 | . . . . . . . . . . . . . . . . . . . . . . . . . . . . . . . 6 . . 2 . 6 19 2 Drone Recoveries 33 | . . . . . . . . . . . . . . . . . . . . . . . . . . . . . . . 6 . . 2 . 6 18 1 Exploration | -11 -10 -10 -9 -9 -9 -8 -8 -8 -8 -8 -7 -7 -7 -7 -7 -7 -6 -6 -6 -6 -6 -5 -5 -5 -5 -4 -4 -4 -4 -4 -3 -3 -3 -2 -2 -2 -1 -1 ------------- Run | Scr Mat Min Mat Min Exi Min Mat Gar Mat Gar Fac Was Fac Gar Fac Gar Fac Ext Cet Arc Hub Fac Gar Fac Gar Fac Gar Fac Upp Upp Res Qua Gar Res Tes Sec Acc Com Turns Passed 54183 | 117 1462 589 2675 1202 1118 172 2268 897 397 1000 1225 366 811 2170 596 1457 432 2409 502 1426 1730 698 1660 641 2682 2333 1683 914 595 231 1157 3390 1005 1055 2686 3820 2979 1633 Spaces Moved 24098 | 56 661 282 1344 648 618 93 989 459 221 429 642 124 330 578 361 776 267 1179 258 154 780 362 798 336 1154 923 638 380 316 112 443 1653 426 466 1174 1812 1323 533 Core 64 | 3 . . . . . . . . . . . . . . . . . . . 47 . . . . 4 . . . . . . . . . . . . 10 Treads 19564 | 53 661 190 664 648 618 93 989 311 . 368 . . 150 377 . 152 . 316 258 107 780 362 792 336 1150 923 638 380 316 112 443 1653 426 466 1174 1812 1323 523 Legs . | . . . . . . . . . . . . . . . . . . . . . . . . . . . . . . . . . . . . . . . Wheels 4470 | . . 92 680 . . . . 148 221 61 642 124 180 201 361 624 267 863 . . . . 6 . . . . . . . . . . . . . . . Hover . | . . . . . . . . . . . . . . . . . . . . . . . . . . . . . . . . . . . . . . . Flight . | . . . . . . . . . . . . . . . . . . . . . . . . . . . . . . . . . . . . . . . Fastest Speed 50 | 50 160 120 120 180 180 180 180 130 130 120 140 130 172 140 140 130 140 140 160 160 160 180 160 180 180 170 170 160 160 180 160 165 173 165 172 152 155 50 Average Speed 174 | 154 174 160 148 180 180 180 180 164 130 178 140 161 177 162 140 150 140 150 162 874 160 180 180 180 189 191 192 180 179 180 175 170 173 169 173 169 169 179 Slowest Speed 2850 | 160 180 200 220 180 180 180 180 260 180 260 140 190 190 180 140 200 140 200 180 2500 180 180 230 180 2850 195 200 185 180 180 180 173 173 187 240 172 178 185 Overloaded Moves . | . . . . . . . . . . . . . . . . . . . . . . . . . . . . . . . . . . . . . . . Propulsion Burnouts . | . . . . . . . . . . . . . . . . . . . . . . . . . . . . . . . . . . . . . . . Robots Hopped 3 | . . . . . . . . . . . . . . . . . . . 3 . . . . . . . . . . . . . . . . . . . Cave-ins Triggered 2 | . . . . . . . . . . . . . . . . . . . . . . . . . . . . . . . . . . . . . . 2 Teleports 1 | . . . . . . . . . . . . . . . . . . . . . . . . . . . . . . . . . . . . 1 . . Exploration Rate (%) 50 | 7 93 43 89 97 88 22 59 54 22 39 11 91 8 81 12 49 14 97 66 78 61 12 75 12 83 28 84 9 55 11 24 91 41 21 95 92 46 20 Regions Visited 38 Branch Regions 14 Pre-discovered Areas 4 | . . . 2 . 1 . . . 1 . . . . . . . . . . . . . . . . . . . . . . . . . . . . . Known Exits Taken 14 | . . . 1 . . . 1 . 1 . . . 1 . 1 . . . . . 1 1 . 1 . 1 . . . . 1 1 . 1 . 1 1 . Unknown Exits Taken 14 | 1 1 1 . 1 1 1 . . . . . . . . . . 1 1 1 1 . . . . . . . 1 1 1 . . . . 1 . . . Scrap Searched 4 | . . . . 1 . 1 . . . . . . . . . . . . . . . . . . . . . . 1 1 . . . . . . . . Spaces Dug 134 | . . 3 . . . . . . 2 . . . . . . . . . . . 5 . . . 8 9 1 1 . . 4 2 . 16 18 25 36 4 Terrain Destroyed 1769 | . 9 37 29 . . . 17 7 3 . 28 . 3 4 . 1 . 10 . 5 389 3 9 23 16 55 21 57 3 . 8 19 2 16 57 92 77 769 Melee 31 | . . . . . . . . . . . . . . . . . . . . . . . . . . . . . . . . 1 . 16 1 8 5 . Projectile 375 | . . . . . . . . . 3 . . . 3 . . 1 . 1 . 5 75 3 9 5 16 55 21 17 3 . 8 18 2 . 31 27 43 29 AOE 1363 | . 9 37 29 . . . 17 7 . . 28 . . 4 . . . 9 . . 314 . . 18 . . . 40 . . . . . . 25 57 29 740 Terrain Rammed . | . . . . . . . . . . . . . . . . . . . . . . . . . . . . . . . . . . . . . . . Walls Destroyed . | . . . . . . . . . . . . . . . . . . . . . . . . . . . . . . . . . . . . . . . Machines Disabled . | . . . . . . . . . . . . . . . . . . . . . . . . . . . . . . . . . . . . . . . Actions | -11 -10 -10 -9 -9 -9 -8 -8 -8 -8 -8 -7 -7 -7 -7 -7 -7 -6 -6 -6 -6 -6 -5 -5 -5 -5 -4 -4 -4 -4 -4 -3 -3 -3 -2 -2 -2 -1 -1 --------- Run | Scr Mat Min Mat Min Exi Min Mat Gar Mat Gar Fac Was Fac Gar Fac Gar Fac Ext Cet Arc Hub Fac Gar Fac Gar Fac Gar Fac Upp Upp Res Qua Gar Res Tes Sec Acc Com Total 32734 | 73 832 352 1726 671 624 96 1306 541 290 604 909 224 470 1731 421 972 310 1695 325 198 1020 403 949 355 1499 1257 938 500 334 139 707 2091 698 646 1627 2305 1811 1085 Wait 3824 | . 67 13 116 12 . 2 134 18 27 89 184 10 28 996 7 14 6 213 14 29 82 1 38 1 188 92 123 32 . 17 109 141 197 57 137 124 184 322 Move 24053 | 55 660 281 1343 647 617 92 988 458 221 427 642 123 329 576 360 775 266 1178 252 153 779 361 797 336 1152 922 637 379 315 111 442 1652 424 465 1173 1811 1322 532 Hop 2 | . . . . . . . . . . . . . . . . . . . 2 . . . . . . . . . . . . . . . . . . . Pick Up 347 | 5 13 2 26 . 2 1 16 4 2 6 5 5 12 13 3 12 6 7 5 . 6 7 10 1 13 18 11 6 1 1 14 26 8 9 23 27 8 13 Fast Attach 282 | 7 3 2 15 . . . 6 3 2 . 4 4 4 11 2 15 1 11 9 . 5 7 5 1 3 7 7 9 6 1 9 27 . 9 27 34 14 12 Attach 185 | . . 5 4 . . . 7 . 2 3 3 2 5 4 2 10 2 2 1 . 6 2 7 . 5 10 7 7 . . 10 12 5 6 11 11 8 26 Detach 53 | . . . 1 . . . . . . . . 2 1 1 . 6 1 . . . 4 2 1 . . 4 2 2 . . 5 4 . . 4 5 3 5 Swap 508 | . 4 5 13 . 3 . 22 4 9 10 15 11 11 16 12 13 7 7 10 . 23 5 12 4 13 54 13 10 1 3 26 25 3 7 24 61 32 20 Drop 555 | . 5 3 29 . 2 . 29 7 2 6 10 14 14 22 4 19 7 17 20 . 6 14 13 2 14 25 18 2 7 1 21 56 7 19 53 48 17 22 Fire 2369 | 6 74 36 175 4 . 1 104 39 21 53 43 53 66 71 31 68 14 55 12 16 109 4 53 9 101 124 88 53 4 5 69 136 44 36 139 133 198 122 Melee 159 | . . . . . . . . . 4 . 3 . . . . . . . . . . . . . . . . . . . . 6 . 36 36 49 21 4 Ram 7 | . . . 2 . . . . . . . . . . . . . . . . . . . . . . . . . . . . . . . . . . 5 Kick . | . . . . . . . . . . . . . . . . . . . . . . . . . . . . . . . . . . . . . . . Crush 26 | . 6 . 2 8 . . . . . . . . . . . . . 1 . . . . . 1 . 1 . . . . . 2 . . . . 4 1 Escape Stasis 174 | . . . . . . . . 8 . 10 . . . 21 . 24 . 36 . . . . 12 . 10 . 32 . . . 2 4 10 2 . 2 . 1 Rewire 190 | . . 5 . . . . . . . . . . . . . 16 . 168 . . . . 1 . . . . . . . . . . . . . . . Trap . | . . . . . . . . . . . . . . . . . . . . . . . . . . . . . . . . . . . . . . . Miscellaneous . | . . . . . . . . . . . . . . . . . . . . . . . . . . . . . . . . . . . . . . . Route ------- -11/Scrapyard -10/Materials (discovered 4 exits: *Mat x2 / [*Min x2]) -10/Mines (discovered 2 exits: *Mat x2) -9/Materials (discovered 4 exits: *Mat x3 / *Min) -9/Mines (discovered 3 exits: *Mat x2 / *Exi) -9/Exiles -8/Mines -8/Materials (discovered 4 exits: *Fac / *Sto x2 / Gar) -8/Garrison (discovered 2 exits: *Mat x2) -8/Materials (discovered 2 exits: Fac / Gar) -8/Garrison -7/Factory -7/Waste -7/Factory (discovered 3 exits: *Fac / [*Low] / Gar) -7/Garrison (discovered 3 exits: *Fac x3) -7/Factory -7/Garrison -6/Factory -6/Extension (discovered 2 exits: *Fac / *Cet) -6/Cetus (discovered 2 exits: *Fac / [*Arc]) -6/Archives (discovered 3 exits: *Fac / *Hub x2) -6/Hub_04(d) (discovered 3 exits: *Fac x3) -5/Factory (discovered 2 exits: [*Upp] / Gar) -5/Garrison (discovered 2 exits: *Fac x2) -5/Factory -5/Garrison (discovered 3 exits: *Fac x3) -4/Factory -4/Garrison (discovered 2 exits: *Fac x2) -4/Factory -4/Upper Caves -4/Upper Caves -3/Research (discovered 2 exits: *Arm / *Qua) -3/Quarantine (discovered 2 exits: *Res / Gar) -3/Garrison -2/Research (discovered 4 exits: *Acc x2 / *Tes x2) -2/Testing (discovered 2 exits: *Acc / *Sec) -2/Section 7 -1/Access (discovered 2 exits: Sur / *Com) -1/Command History --------- Turn | Location | Event 8 | -11/Scrapyard | Discovered new exit (range 15) 118 | -11/Scrapyard | Entered Materials 269 | -10/Materials | Discovered new exit (range 12) 309 | -10/Materials | Build established: Mutant 566 | -10/Materials | Repaired Lgt. Assault Rifle 594 | -10/Materials | Repaired Assault Rifle 1139 | -10/Materials | Discovered new exit (range 16) 1297 | -10/Materials | Discovered new exit (range 11) 1315 | -10/Materials | Central database locked down 1387 | -10/Materials | Discovered new exit (range 7) 1580 | -10/Materials | Entered Mines 1655 | -10/Mines | Discovered new exit (range 6) 1806 | -10/Mines | Discovered new exit (range 4) 1930 | -10/Mines | Assembled infested the area 1991 | -10/Mines | Core integrity fell below 50% 2048 | -10/Mines | Core integrity fell below 20% 2057 | -10/Mines | Lost 4 parts (2n2w) 2112 | -10/Mines | System corruption reached 10% 2145 | -10/Mines | Lost 3 parts (1p1n1w) 2169 | -10/Mines | Entered Materials 2169 | -9/Materials | Evolved 2 slots: Propulsion x1, Utility x1 2445 | -9/Materials | Identified exit to Mines 2610 | -9/Materials | Discovered new exit (range 16) 2614 | -9/Materials | Build established: Scavenger-Mutant 3008 | -9/Materials | Repaired Lgt. Treads 3035 | -9/Materials | Repaired Lgt. Treads 3769 | -9/Materials | First assault squad dispatched 3859 | -9/Materials | Discovered new exit (range 15) 3888 | -9/Materials | Core integrity fell below 50% 4087 | -9/Materials | Build established: Hauler-Mutant 4318 | -9/Materials | Discovered new exit (range 10) 4844 | -9/Materials | Entered Mines 4849 | -9/Mines | Met a Derelict bent on vengeance 4942 | -9/Mines | Assisted by bots powering up and referring to "LRC-V3" 5059 | -9/Mines | Discovered new exit (range 15) 5349 | -9/Mines | Learned location of 1 exit from Materials 5574 | -9/Mines | Discovered new exit (range 6) 5647 | -9/Mines | Found a hidden stash of uninstalled traps 6033 | -9/Mines | Deemed a non-threat by the Exiles lab entrance 6033 | -9/Mines | Discovered new exit (range 5) 6046 | -9/Mines | Entered Exiles 6046 | -9/Exiles | Accompanied by 3 allies 6091 | -9/Exiles | Met 8R-AWN 6120 | -9/Exiles | Met EX-HEX 6216 | -9/Exiles | Met EX-DEC 6257 | -9/Exiles | Learned location of Zion (-7) 6491 | -9/Exiles | Visited The Gauntlet 6713 | -9/Exiles | Met EX-BIN 6929 | -9/Exiles | Aligned with FarCom system 6931 | -9/Exiles | Given EX-Vault access code 6973 | -9/Exiles | Opened EX-Vault 6987 | -9/Exiles | Found Modified TNC 6992 | -9/Exiles | Found Superbattery 7034 | -9/Exiles | Warned to stay clear of 0b10 Research branches 7048 | -9/Exiles | Exiles lab attacked by MAIN.C 7142 | -9/Exiles | Discovered new exit (range 14) 7164 | -9/Exiles | Stole two prototypes: Superbattery, Modified TNC 7164 | -9/Exiles | Entered Mines 7164 | -8/Mines | Accompanied by 3 allies 7323 | -8/Mines | Discovered new exit (range 5) 7336 | -8/Mines | Entered Materials 7336 | -8/Materials | Accompanied by 1 ally 7336 | -8/Materials | Evolved 2 slots: Utility x1, Weapon x1 7337 | -8/Materials | Identified exit to Storage 7644 | -8/Materials | Build established: Hauler-Skirmisher 7735 | -8/Materials | Garrison activated, responded to threat 7874 | -8/Materials | Discovered new exit (range 16) 8446 | -8/Materials | Repaired Reactive Plating 9257 | -8/Materials | Garrison activated, responded to threat 9324 | -8/Materials | Identified exit to Garrison 9604 | -8/Materials | Entered Garrison 9736 | -8/Garrison | Triggered checkpoint 9784 | -8/Garrison | Triggered checkpoint 9876 | -8/Garrison | Discovered new exit (range 9) 9976 | -8/Garrison | Triggered checkpoint 10082 | -8/Garrison | Discovered new exit (range 10) 10113 | -8/Garrison | Installed Relay Interface Framework 10358 | -8/Garrison | Triggered checkpoint 10377 | -8/Garrison | Garrison Relay disabled 10501 | -8/Garrison | Entered Materials 10865 | -8/Materials | Discovered new exit (range 13) 10892 | -8/Materials | Identified exit to Garrison 10895 | -8/Materials | Garrison activated, responded to threat 10898 | -8/Materials | Entered Garrison 10911 | -8/Garrison | Expanded RIF knowledge: Command Fork 11088 | -8/Garrison | Triggered checkpoint 11166 | -8/Garrison | Triggered checkpoint 11226 | -8/Garrison | Garrison Relay disabled 11468 | -8/Garrison | Triggered checkpoint 11489 | -8/Garrison | Garrison Relay disabled 11888 | -8/Garrison | Discovered new exit (range 8) 11898 | -8/Garrison | Entered Factory 11898 | -7/Factory | Evolved 2 slots: Utility x2 11900 | -7/Factory | FarCom data flow suspended 12457 | -7/Factory | Build established: Hauler-Tank 12483 | -7/Factory | Discovered new exit (range 6) 12523 | -7/Factory | Found Prototype Launcher 12523 | -7/Factory | Identified Rocket Array 12603 | -7/Factory | Fabricated M-13 Machinist? 13123 | -7/Factory | Sucked down chute 13123 | -7/Factory | Entered Waste 13138 | -7/Waste | EMP discharged 13172 | -7/Waste | Spotted C-40 Crusher 13185 | -7/Waste | 2 allies followed down the chute 13196 | -7/Waste | Destroyed C-40 Crusher 13204 | -7/Waste | Found Damper Plating 13205 | -7/Waste | Spotted C-40 Crusher 13231 | -7/Waste | Allies destroyed C-40 Crusher 13235 | -7/Waste | Spotted C-40 Crusher 13238 | -7/Waste | EMP discharged 13238 | -7/Waste | System corruption reached 10% 13261 | -7/Waste | Destroyed C-40 Crusher 13266 | -7/Waste | Spotted C-40 Crusher 13294 | -7/Waste | Spotted C-40 Crusher 13313 | -7/Waste | Allies destroyed C-40 Crusher 13338 | -7/Waste | EMP discharged 13370 | -7/Waste | Spotted C-40 Crusher 13386 | -7/Waste | Destroyed C-40 Crusher 13401 | -7/Waste | Found Damper Plating 13427 | -7/Waste | Destroyed C-40 Crusher 13438 | -7/Waste | EMP discharged 13438 | -7/Waste | System corruption reached 30% 13466 | -7/Waste | Discovered new exit (range 10) 13489 | -7/Waste | Entered Factory 13489 | -7/Factory | Accompanied by 1 ally 13513 | -7/Factory | Build established: Hauler-Skirmisher 13641 | -7/Factory | Discovered new exit (range 19) 13715 | -7/Factory | Garrison activated, responded to threat 14164 | -7/Factory | Fabricated M-13 Machinist? 14232 | -7/Factory | Discovered new exit (range 18) 14235 | -7/Factory | Fabricated Hvy. Plasma Cannon (x2) 14289 | -7/Factory | Identified exit to Garrison 14300 | -7/Factory | Entered Garrison 14300 | -7/Garrison | Accompanied by 4 allies 14613 | -7/Garrison | Build established: Bothacker-Mutant 15369 | -7/Garrison | Triggered checkpoint 15388 | -7/Garrison | Triggered checkpoint 15516 | -7/Garrison | Triggered checkpoint 15571 | -7/Garrison | Discovered new exit (range 8) 15594 | -7/Garrison | Expanded RIF knowledge: Alert ID Control 15661 | -7/Garrison | Garrison Relay disabled 15869 | -7/Garrison | Triggered checkpoint 15898 | -7/Garrison | Garrison Relay disabled 16049 | -7/Garrison | Discovered new exit (range 19) 16065 | -7/Garrison | Triggered checkpoint 16069 | -7/Garrison | Build established: Bothacker-Tank 16115 | -7/Garrison | Garrison Relay disabled 16223 | -7/Garrison | Triggered checkpoint 16278 | -7/Garrison | Triggered checkpoint 16346 | -7/Garrison | Triggered checkpoint 16383 | -7/Garrison | Garrison Relay disabled 16448 | -7/Garrison | Discovered new exit (range 12) 16470 | -7/Garrison | Entered Factory 16470 | -7/Factory | Accompanied by 1 ally 16807 | -7/Factory | P-60 Hacker assimilated allied Trooper 4e 17060 | -7/Factory | Identified exit to Garrison 17062 | -7/Factory | Build established: Bothacker-Skirmisher 17066 | -7/Factory | Entered Garrison 17066 | -7/Garrison | Accompanied by 3 allies 17105 | -7/Garrison | Triggered checkpoint 17138 | -7/Garrison | Triggered checkpoint 17224 | -7/Garrison | Lost 4 parts (1p1n2w) 17238 | -7/Garrison | Triggered checkpoint 17251 | -7/Garrison | Core integrity fell below 50% 17478 | -7/Garrison | Triggered checkpoint 17495 | -7/Garrison | Garrison Relay disabled 17525 | -7/Garrison | Discovered new exit (range 13) 17566 | -7/Garrison | Expanded RIF knowledge: Watcher Feeds 17778 | -7/Garrison | Triggered checkpoint 17799 | -7/Garrison | Garrison Relay disabled 18432 | -7/Garrison | Build established: Bothacker-Tank 18464 | -7/Garrison | Triggered checkpoint 18523 | -7/Garrison | Entered Factory 18523 | -6/Factory | Accompanied by 3 allies 18523 | -6/Factory | Evolved 2 slots: Propulsion x1, Utility x1 18941 | -6/Factory | Discovered new exit (range 10) 18955 | -6/Factory | Entered Extension 18955 | -6/Extension | Accompanied by 4 allies 18993 | -6/Extension | Build established: Bothacker-Mutant 19077 | -6/Extension | Rescued a captive Derelict 19077 | -6/Extension | Rescued a captive Derelict 19694 | -6/Extension | Spotted B-75 Beast 19704 | -6/Extension | Allies destroyed B-75 Beast 19889 | -6/Extension | Rescued a captive Derelict 19993 | -6/Extension | Build established: Bothacker-Tank 20030 | -6/Extension | Disrupted transfer network 20625 | -6/Extension | Rescued a captive Derelict 20626 | -6/Extension | Rescued a captive Derelict 20789 | -6/Extension | Rescued a captive Derelict 20790 | -6/Extension | Rescued a captive Derelict 20831 | -6/Extension | Rescued A7 20842 | -6/Extension | Rescued a captive Derelict 20869 | -6/Extension | Discovered new exit (range 10) 20870 | -6/Extension | Discovered new exit (range 6) 20878 | -6/Extension | Disrupted transfer network 20882 | -6/Extension | Build established: Commander-Tank 21364 | -6/Extension | Entered Cetus 21364 | -6/Cetus | Accompanied by 18 allies (A7) 21369 | -6/Cetus | Acquired a Cetus Manufacturing Module code from A7 21388 | -6/Cetus | Spotted Cetus Guard 21388 | -6/Cetus | Spotted Cetus Guard 21391 | -6/Cetus | Spotted Cetus Guard 21391 | -6/Cetus | Spotted Cetus Guard 21398 | -6/Cetus | Allies destroyed Cetus Guard 21405 | -6/Cetus | Allies destroyed Cetus Guard 21407 | -6/Cetus | Allies destroyed Cetus Guard 21411 | -6/Cetus | Allies destroyed Cetus Guard 21515 | -6/Cetus | Started Cetus Manufacturing Module 21525 | -6/Cetus | Escorted A7 to Cetus Mainframe 21540 | -6/Cetus | Manufactured an Enhanced Grunt 21548 | -6/Cetus | Discovered new exit (range 15) 21565 | -6/Cetus | Manufactured an Enhanced Grunt 21574 | -6/Cetus | Cetus Manufacturing Module disabled 21578 | -6/Cetus | Discovered new exit (range 27) 21594 | -6/Cetus | Destroyed Cetus Guard 21594 | -6/Cetus | Spotted Cetus Guard 21594 | -6/Cetus | Spotted Cetus Guard 21596 | -6/Cetus | Destroyed Cetus Guard 21596 | -6/Cetus | Destroyed Cetus Guard 21596 | -6/Cetus | Spotted Cetus Guard 21597 | -6/Cetus | Destroyed Cetus Guard 21616 | -6/Cetus | Met Revision 17 21866 | -6/Cetus | Entered Archives 21866 | -6/Archives | Accompanied by 8 allies (A7) 21871 | -6/Archives | Received a hacking code to weaken MAIN.C 21904 | -6/Archives | Build established: Bothacker-Tank 21923 | -6/Archives | Discovered new exit (range 16) 22956 | -6/Archives | Discovered new exit (range 15) 23004 | -6/Archives | Discovered new exit (range 13) 23292 | -6/Archives | Entered Hub_04(d) 23292 | -6/Hub_04(d) | Accompanied by 6 allies 23300 | -6/Hub_04(d) | Discovered new exit (range 16) 23424 | -6/Hub_04(d) | Discovered new exit (range 18) 23429 | -6/Hub_04(d) | Identified exit to Factory 24302 | -6/Hub_04(d) | Discovered exit to Factory (range 15) 24418 | -6/Hub_04(d) | Network Hub disabled 24418 | -6/Hub_04(d) | Garrison activated, responded to threat 24424 | -6/Hub_04(d) | Spotted Lightning 24431 | -6/Hub_04(d) | Spotted Lightning 24434 | -6/Hub_04(d) | Spotted Lightning 24468 | -6/Hub_04(d) | Destroyed Lightning 24476 | -6/Hub_04(d) | Destroyed Lightning 24526 | -6/Hub_04(d) | Destroyed 7 combat bots 24528 | -6/Hub_04(d) | Destroyed Lightning 24569 | -6/Hub_04(d) | Spotted Lightning 24582 | -6/Hub_04(d) | Garrison activated, responded to threat 24602 | -6/Hub_04(d) | Spotted Lightning 24603 | -6/Hub_04(d) | Spotted Lightning 24620 | -6/Hub_04(d) | Destroyed Lightning 24668 | -6/Hub_04(d) | Destroyed Lightning 24668 | -6/Hub_04(d) | Destroyed Lightning 24678 | -6/Hub_04(d) | Found Prototype Energy Cannon 24684 | -6/Hub_04(d) | Found Prototype Device 24684 | -6/Hub_04(d) | Identified EM Dispersion Field 24709 | -6/Hub_04(d) | Found EM Dispersion Field 24718 | -6/Hub_04(d) | Found Prototype Processor 24718 | -6/Hub_04(d) | Identified Exp. Targeting Computer 24734 | -6/Hub_04(d) | Found Prototype Energy Cannon 24750 | -6/Hub_04(d) | Found Prototype Device 24750 | -6/Hub_04(d) | Identified Exp. Phase Shifter 24754 | -6/Hub_04(d) | Found Exp. Phase Shifter 24825 | -6/Hub_04(d) | Network Hub disabled 24905 | -6/Hub_04(d) | Disrupted transfer network 24982 | -6/Hub_04(d) | Network Hub disabled 25022 | -6/Hub_04(d) | Entered Factory 25022 | -5/Factory | Evolved 2 slots: Power x1, Utility x1 25313 | -5/Factory | Build established: Scavenger-Tank 25313 | -5/Factory | Discovered new exit (range 6) 25667 | -5/Factory | Identified exit to Garrison 25720 | -5/Factory | Entered Garrison 25729 | -5/Garrison | Expanded RIF knowledge: Zone Cloak 25802 | -5/Garrison | Triggered checkpoint 25834 | -5/Garrison | Garrison Relay disabled 25934 | -5/Garrison | Triggered checkpoint 25943 | -5/Garrison | Spotted B-75 Beast 25964 | -5/Garrison | Identified EMDS (x2) 26004 | -5/Garrison | Destroyed B-75 Beast 26040 | -5/Garrison | Triggered checkpoint 26052 | -5/Garrison | Triggered checkpoint 26068 | -5/Garrison | Triggered checkpoint 26240 | -5/Garrison | Triggered checkpoint 26285 | -5/Garrison | Garrison Relay disabled 26403 | -5/Garrison | Discovered new exit (range 9) 26510 | -5/Garrison | Triggered checkpoint 26560 | -5/Garrison | Garrison Relay disabled 26657 | -5/Garrison | Discovered new exit (range 10) 26813 | -5/Garrison | Triggered checkpoint 26839 | -5/Garrison | Garrison Relay disabled 27380 | -5/Garrison | Entered Factory 27380 | -5/Factory | Accompanied by 4 allies 27738 | -5/Factory | Spotted B-75 Beast 27753 | -5/Factory | Destroyed B-75 Beast 27980 | -5/Factory | First assault squad dispatched 28021 | -5/Factory | Identified exit to Garrison 28021 | -5/Factory | Entered Garrison 28021 | -5/Garrison | Accompanied by 5 allies 28104 | -5/Garrison | Triggered checkpoint 28112 | -5/Garrison | Triggered checkpoint 28138 | -5/Garrison | Triggered checkpoint 28138 | -5/Garrison | Triggered checkpoint 28226 | -5/Garrison | Destroyed 10 combat bots 28336 | -5/Garrison | Triggered checkpoint 28384 | -5/Garrison | Garrison Relay disabled 28441 | -5/Garrison | Discovered new exit (range 14) 28567 | -5/Garrison | Spotted B-75 Beast 28622 | -5/Garrison | Discovered new exit (range 15) 28658 | -5/Garrison | Expanded RIF knowledge: Threat Obfuscation 28684 | -5/Garrison | Build established: Bothacker-Tank 28708 | -5/Garrison | Triggered checkpoint 28798 | -5/Garrison | Garrison Relay disabled 28868 | -5/Garrison | Triggered checkpoint 29090 | -5/Garrison | Garrison Relay disabled 29322 | -5/Garrison | Triggered checkpoint 29355 | -5/Garrison | Garrison Relay disabled 29408 | -5/Garrison | Build established: Botlord-Tank 29528 | -5/Garrison | Triggered checkpoint 29557 | -5/Garrison | Garrison Relay disabled 29685 | -5/Garrison | Spotted B-75 Beast 29732 | -5/Garrison | Destroyed B-75 Beast 30142 | -5/Garrison | Found Gamma Bomb Array 30224 | -5/Garrison | Discovered new exit (range 8) 30645 | -5/Garrison | Spotted B-75 Beast 30703 | -5/Garrison | Entered Factory 30703 | -4/Factory | Evolved 2 slots: Utility x2 31278 | -4/Factory | Fabricated Adv. Transmission Jammer (x1) 31416 | -4/Factory | Fabricated Hyp. Coil Gun? 31505 | -4/Factory | Fabricated P-60 Hacker? 31576 | -4/Factory | Fabricated Hyp. Coil Gun? 31602 | -4/Factory | Local fabrication network quarantined 32207 | -4/Factory | Spotted B-86 Titan 33006 | -4/Factory | Identified exit to Garrison 33036 | -4/Factory | Entered Garrison 33050 | -4/Garrison | Expanded RIF knowledge: Patrol Navigation 33094 | -4/Garrison | Triggered checkpoint 33132 | -4/Garrison | Garrison Relay disabled 33212 | -4/Garrison | Spotted B-86 Titan 33235 | -4/Garrison | Triggered checkpoint 33385 | -4/Garrison | Triggered checkpoint 33390 | -4/Garrison | Destroyed B-86 Titan 33607 | -4/Garrison | Triggered checkpoint 33608 | -4/Garrison | Garrison Relay disabled 33893 | -4/Garrison | Triggered checkpoint 33969 | -4/Garrison | Discovered new exit (range 15) 34134 | -4/Garrison | Triggered checkpoint 34203 | -4/Garrison | Garrison Relay disabled 34304 | -4/Garrison | Triggered checkpoint 34462 | -4/Garrison | Triggered checkpoint 34611 | -4/Garrison | Garrison Relay disabled 34690 | -4/Garrison | Discovered new exit (range 11) 34719 | -4/Garrison | Entered Factory 34875 | -4/Factory | Discovered new exit (range 15) 34969 | -4/Factory | First assault squad dispatched 35144 | -4/Factory | Fabricated P-60 Hacker (x2) 35166 | -4/Factory | Destroyed 12 combat bots 35167 | -4/Factory | Hacker 7d assimilated hostile B-60 Warrior 35171 | -4/Factory | Lost 3 parts (2u1w) 35237 | -4/Factory | Fabricated P-60 Hacker (x2) 35304 | -4/Factory | Fabricated P-60 Hacker? 35448 | -4/Factory | Fabricated P-60 Hacker? 35506 | -4/Factory | P-70 Sage assimilated allied Warrior 7b 35519 | -4/Factory | Local fabrication network quarantined 35633 | -4/Factory | Entered Upper Caves 35633 | -4/Upper Caves | Accompanied by 6 allies 35633 | -4/Upper Caves | Spotted XI-X1U(f) 35634 | -4/Upper Caves | Encountered a Master Thief 35638 | -4/Upper Caves | Allies destroyed XI-X1U(f) 35639 | -4/Upper Caves | Spotted NW-USY(f) 35640 | -4/Upper Caves | Encountered a Master Thief 35647 | -4/Upper Caves | Allies destroyed NW-USY(f) 35674 | -4/Upper Caves | Learned location of 2 exits from Research 35930 | -4/Upper Caves | Build established: Botlord-Gunner 36131 | -4/Upper Caves | Discovered new exit (range 14) 36228 | -4/Upper Caves | Entered another Upper Caves area 36228 | -4/Upper Caves | Accompanied by 4 allies 36279 | -4/Upper Caves | Discovered new exit (range 15) 36459 | -4/Upper Caves | Entered Research 36459 | -3/Research | Accompanied by 4 allies 36459 | -3/Research | Evolved 2 slots: Power x1, Utility x1 36460 | -3/Research | Identified exit to Quarantine 36460 | -3/Research | Identified exit to Armory 36879 | -3/Research | Spotted B-86 Titan 36924 | -3/Research | Destroyed B-86 Titan 37041 | -3/Research | Found Prototype Hackware 37235 | -3/Research | Build established: Hauler-Gunner 37437 | -3/Research | Found Unknown Device 37437 | -3/Research | Identified Antimissile System 37602 | -3/Research | Identified Exp. System Shield 37616 | -3/Research | Entered Quarantine 37746 | -3/Quarantine | Identified exit to Garrison 37830 | -3/Quarantine | Found Alien Energy Cannon 38096 | -3/Quarantine | Identified Core Cannon 38116 | -3/Quarantine | Build established: Hauler-Mutant 38155 | -3/Quarantine | Cryocooling Duct disabled 38170 | -3/Quarantine | Ambient heat levels rising (+20) 38170 | -3/Quarantine | Non-combat units ordered to evacuate 38291 | -3/Quarantine | Destroyed 9 combat bots 38405 | -3/Quarantine | Cryocooling Duct disabled 38420 | -3/Quarantine | Ambient heat levels rising (+20) 38420 | -3/Quarantine | Combat units ordered to evacuate 38429 | -3/Quarantine | Cryocooling Duct disabled 38444 | -3/Quarantine | Ambient heat levels rising (+20) 38520 | -3/Quarantine | Quarantine Guard activated 38541 | -3/Quarantine | Spotted Quarantine Guard 38541 | -3/Quarantine | Spotted Quarantine Guard 38541 | -3/Quarantine | Spotted Quarantine Guard 38549 | -3/Quarantine | Spotted Quarantine Guard 38552 | -3/Quarantine | Destroyed Quarantine Guard 38553 | -3/Quarantine | Destroyed Quarantine Guard 38554 | -3/Quarantine | Destroyed Quarantine Guard 38580 | -3/Quarantine | Spotted Quarantine Guard 38585 | -3/Quarantine | Destroyed Quarantine Guard 38588 | -3/Quarantine | Spotted Quarantine Guard 38594 | -3/Quarantine | Destroyed Quarantine Guard 38611 | -3/Quarantine | Destroyed Quarantine Guard 38658 | -3/Quarantine | Found Antimissile System 38667 | -3/Quarantine | Spotted Quarantine Guard 38667 | -3/Quarantine | Spotted Quarantine Guard 38672 | -3/Quarantine | Destroyed Quarantine Guard 38674 | -3/Quarantine | Destroyed Quarantine Guard 38678 | -3/Quarantine | Spotted Quarantine Guard 38681 | -3/Quarantine | Destroyed Quarantine Guard 38689 | -3/Quarantine | Spotted Quarantine Guard 38693 | -3/Quarantine | Destroyed Quarantine Guard 38786 | -3/Quarantine | Spotted Quarantine Guard 38807 | -3/Quarantine | Destroyed Quarantine Guard 38980 | -3/Quarantine | Build established: Scavenger-Mutant 39447 | -3/Quarantine | Spotted Quarantine Guard 39454 | -3/Quarantine | Destroyed Quarantine Guard 39531 | -3/Quarantine | Found Unknown Device 39531 | -3/Quarantine | Identified Quantum Capacitor 39907 | -3/Quarantine | Build established: Generator-Mutant 40066 | -3/Quarantine | Discovered new exit (range 16) 40073 | -3/Quarantine | Spotted Alpha 7 40132 | -3/Quarantine | Found Alien Artifact 40232 | -3/Quarantine | Identified Core Reset Matrix 40349 | -3/Quarantine | Found Alien Artifact 40465 | -3/Quarantine | Identified Subatomic Replicator 40542 | -3/Quarantine | Found Alien Slashing Weapon 40542 | -3/Quarantine | Identified Sigix Broadsword 40654 | -3/Quarantine | Found Alien Launcher 40685 | -3/Quarantine | Destroyed Alpha 7 40692 | -3/Quarantine | Found Prototype Ballistic Gun 40692 | -3/Quarantine | Identified Multirail 41006 | -3/Quarantine | Entered Garrison 41134 | -3/Garrison | Triggered checkpoint 41161 | -3/Garrison | Garrison Relay disabled 41234 | -3/Garrison | Triggered checkpoint 41316 | -3/Garrison | Spotted B-86 Titan 41326 | -3/Garrison | Destroyed B-86 Titan 41335 | -3/Garrison | Triggered checkpoint 41479 | -3/Garrison | Build established: Bothacker-Mutant 41504 | -3/Garrison | Discovered new exit (range 9) 41545 | -3/Garrison | Expanded RIF knowledge: Structural Interface 41583 | -3/Garrison | Triggered checkpoint 41597 | -3/Garrison | Garrison Relay disabled 41751 | -3/Garrison | Triggered checkpoint 42011 | -3/Garrison | Entered Research 42011 | -2/Research | Evolved 2 slots: Utility x1, Weapon x1 42033 | -2/Research | Identified exit to Testing 42154 | -2/Research | Build established: Botlord-Mutant 42911 | -2/Research | Discovered new exit (range 12) 42911 | -2/Research | Discovered new exit (range 15) 43036 | -2/Research | Spotted B-90 Cyclops 43066 | -2/Research | Entered Testing 43305 | -2/Testing | Spotted PY-13YVDYB1JN 43319 | -2/Testing | Rewired PY-13YVDYB1JN 43330 | -2/Testing | Destroyed PY-13YVDYB1JN 43471 | -2/Testing | Found Exp. Force Field 43601 | -2/Testing | Found Prototype Energy Cannon 43601 | -2/Testing | Identified Cld. Nova Cannon 43709 | -2/Testing | Found Prototype Energy Cannon 43709 | -2/Testing | Identified Potential Cannon 43955 | -2/Testing | Spotted DN-JWD(K) 43955 | -2/Testing | Spotted 3O-L01(K) 43962 | -2/Testing | Rewired 3O-L01(K) 43965 | -2/Testing | Rewired DN-JWD(K) 43978 | -2/Testing | Spotted Alpha 7 43985 | -2/Testing | Allies destroyed Alpha 7 44003 | -2/Testing | Found Prototype Processor 44003 | -2/Testing | Identified Exp. Targeting Computer 44008 | -2/Testing | Found Prototype Processor 44008 | -2/Testing | Identified Exp. Target Analyzer 44012 | -2/Testing | Found Prototype Device 44012 | -2/Testing | Identified Exp. ECM Suite 44249 | -2/Testing | Spotted Striker 44249 | -2/Testing | Spotted Striker 44817 | -2/Testing | Found Prototype Device 44817 | -2/Testing | Identified Exp. Hardlight Generator 44936 | -2/Testing | Found Prototype Energy Gun 44936 | -2/Testing | Identified Hyp. EM Gauss Rifle 44957 | -2/Testing | Spotted PX-FBNVD3Y3ZK 44976 | -2/Testing | Rewired PX-FBNVD3Y3ZK 45142 | -2/Testing | Discovered new exit (range 14) 45209 | -2/Testing | Found Prototype Ballistic Cannon 45209 | -2/Testing | Identified Perforator 45317 | -2/Testing | Fabricated Com. HERF Cannon (x1) 45417 | -2/Testing | Spotted Fortress 45521 | -2/Testing | Destroyed Fortress 45616 | -2/Testing | Build established: Bothacker-Mutant 45743 | -2/Testing | Discovered new exit (range 6) 45752 | -2/Testing | Entered Section 7 45909 | -2/Section 7 | Discovered new exit (range 23) 45909 | -2/Section 7 | Identified exit to Access 46683 | -2/Section 7 | Build established: Generator-Mutant 47003 | -2/Section 7 | Found Alien Artifact 47117 | -2/Section 7 | Found Alien Artifact 47423 | -2/Section 7 | System corruption reached 10% 47520 | -2/Section 7 | Spotted Executioner 47520 | -2/Section 7 | Spotted Executioner 47530 | -2/Section 7 | Destroyed Executioner 47536 | -2/Section 7 | Destroyed Executioner 47698 | -2/Section 7 | Found Alien Artifact 47743 | -2/Section 7 | Identified Sigix Terminator 47743 | -2/Section 7 | Identified Integrated Reactor (x2) 47743 | -2/Section 7 | Identified Integrated Dissipator 47749 | -2/Section 7 | Installed Integrated Reactor, increased core energy generation (+10) 47750 | -2/Section 7 | Installed Integrated Dissipator, increased core heat dissipation (+20) 47860 | -2/Section 7 | Found Alien Artifact 47874 | -2/Section 7 | Identified Terrabomb 47901 | -2/Section 7 | Found Transdimensional Reconstructor 47910 | -2/Section 7 | Found Transdimensional Reconstructor 48050 | -2/Section 7 | Found Matter Drive 48103 | -2/Section 7 | Spotted Striker 48109 | -2/Section 7 | Spotted Striker 48209 | -2/Section 7 | Spotted Executioner 48244 | -2/Section 7 | Found Alien Energy Gun 48244 | -2/Section 7 | Identified Sigix Quantum Sheargun 48463 | -2/Section 7 | Found Integrated Reactor 48463 | -2/Section 7 | Installed Integrated Reactor, increased core energy generation (+10) 48527 | -2/Section 7 | Found Alien Artifact 48527 | -2/Section 7 | Identified LRC Boosters 48527 | -2/Section 7 | Installed LRC Boosters, increased mass support (+10) 48538 | -2/Section 7 | Found Alien Artifact 48538 | -2/Section 7 | Identified LRC Armor 48538 | -2/Section 7 | Installed LRC Armor, increased core integrity (+250) 48541 | -2/Section 7 | Found LRC Armor 48541 | -2/Section 7 | Installed LRC Armor, increased core integrity (+250) 48610 | -2/Section 7 | Found Alien Artifact 48610 | -2/Section 7 | Identified Core Expander 48610 | -2/Section 7 | Installed Core Expander, added new Propulsion slot 48624 | -2/Section 7 | Warped through subspace 48624 | -2/Section 7 | Spotted B-99 Colossus 48704 | -2/Section 7 | Spotted Executioner 48836 | -2/Section 7 | Found Prototype Processor 48836 | -2/Section 7 | Identified Exp. Core Analyzer 49027 | -2/Section 7 | Found Exp. Thermal Shield 49139 | -2/Section 7 | Spotted S7 Guard 49152 | -2/Section 7 | Destroyed S7 Guard 49157 | -2/Section 7 | Found Prototype Protection 49157 | -2/Section 7 | Identified Hvy. Regenerative Plating 49172 | -2/Section 7 | Used Subatomic Replicator to replicate Integrated Reactor 49174 | -2/Section 7 | Installed Integrated Reactor, increased core energy generation (+10) 49177 | -2/Section 7 | Installed Integrated Reactor, increased core energy generation (+10) 49200 | -2/Section 7 | Found Alien Artifact 49264 | -2/Section 7 | Identified Core Regenerator 49572 | -2/Section 7 | Entered Access 49572 | -1/Access | Evolved 2 slots: Utility x2 50147 | -1/Access | Identified exit to Surface 50459 | -1/Access | Local fabrication network quarantined 50477 | -1/Access | Fabricated P-60 Hacker (x2) 51072 | -1/Access | First assault squad dispatched 51757 | -1/Access | System corruption reached 10% 51967 | -1/Access | Destroyed 7 combat bots 52019 | -1/Access | Identified exit to Command 52132 | -1/Access | Identified exit to Garrison 52551 | -1/Access | Entered Command 53484 | -1/Command | Spotted M Guard 53484 | -1/Command | Spotted M Guard 53484 | -1/Command | Spotted Combat Programmer 53495 | -1/Command | Spotted Combat Programmer 53540 | -1/Command | Destroyed Combat Programmer 53599 | -1/Command | System corruption reached 30% 53618 | -1/Command | Lost 3 parts (1u2w) 53631 | -1/Command | Destroyed Combat Programmer 53667 | -1/Command | Destroyed M Guard 53667 | -1/Command | All MAIN.C guards destroyed 54071 | -1/Command | Fired Sigix Terminator 54071 | -1/Command | 0b10 Conduit disabled 54077 | -1/Command | Met MAIN.C 54089 | -1/Command | Destroyed MAIN.C Shell 54091 | -1/Command | MAIN.C activated Command garrisons 54118 | -1/Command | Used Core Regenerator, restored core integrity (+510) 54121 | -1/Command | Hacked MAIN.C using A7's code 54136 | -1/Command | Destroyed 7 combat bots 54162 | -1/Command | Crushed by falling debris 54163 | -1/Command | Failed to warp due to unstable space 54173 | -1/Command | Crushed by falling debris 54175 | -1/Command | Released all parts (2) 54177 | -1/Command | Core integrity fell below 50% 54182 | -1/Command | Core integrity fell below 20% 54184 | -1/Command | Destroyed by G-73 Enforcer with Phase Gun Last Messages --------------- 54176_ H-88 Terminator crushed by falling debris. 54176_ H-88 Terminator system corrupted by crushing effect. 54176_ Unknown Reactor crushed. 54176_ MAIN.C reaction time slowed by virus. 54177_ Acquired 20 matter. 54177_ P-80 Master resets G-73 Enforcer, system corruption cleaned. 54177_ Slug penetrates I-47 Archangel. 54177_ Slug penetrates G-73 Enforcer. 54177_ Penetrated by Slug. 54177_ Slammed into H-88 Terminator. 54177_ Destabilizing: System corrupted (+2). 54178_ Acquired 43 matter. 54179_ Slammed into I-47 Archangel. 54179_ Slug penetrates Reinforced Barrier. 54180_ P-80 Master resets S-43 Plague, system corruption cleaned. 54180_ Penetrated by Slug. 54181_ Slammed into H-88 Terminator. 54181_ E-15 Imp destroyed. 54182_ Acquired 26 matter. 54183_ Penetrated by Slug. Map ----- +----------------------------------------------------+ | ?????????????????????????????????????????????????? | | ?????????????????????????????????????????????????? | | ?????????????????????????????????????????????????? | | ?????????????????????????????????????????????????? | | ?????????????????????????????????????????????????? | | ?????????????????????????????????????????????????? | | ?????????????????????????????????????????????????? | | ?????????????????????????????????????????????????? | | ?????????????????????????????????????????????????? | | ?#???????????????????????????????????????????????? | | ? ####??????????????????????????????????????????? | | # ?????????????????????????????????????????? | | ?????????????????????????????????????????? | | ??###???????????????????????????????????? | | ??# #???????????????????????????????????? | | ?# #???????????????????????????????????? | | """"""" ?# #???????????????????????????????????? | | " #!###????????????????????????????###### | | """"" " #!#!#??????????????????????????### # | | """"" /=%###??###?????????????#?##???## # | | " " =# %==#??# #?????????????# # #?## # | | """""!%%%[g##### #######???????? ## # # ## | | " [%!%!=gpggegpis ;#?????????? # #### | | " !=%!%]gb*gehg=pp ##???????????# # # | | [%%!%%|*pghssghs|#?????????????# # | | """""*!###########!l@#?????????????# ### | | " " ??????????#ph!#??????????????# #### | | % """"""#??????????#lgg##?#####?####### # #### | | " ???????????#!g!T#?# #?# ## # | | " " ???????????#///#### ### ## # | | " " ???????????#* %g | | " " ???????????# | | ? " " ???????????# d | | ? " " ????????????# | | ??? " " ????????????# | | ????? " ?????????????# ### ### ### ### | | ???????? ?????????????######?# #?# #?# #?# | | ?????????????????????????????#####?#####?#"###?### | | ????????????????????????????????????????# #?????? | | ???????????????????????????????????????# ##?????? | | ???????????????????????????????????????# #???????? | | ??????????????????????????????????????? ????????? | | ?????????????????????????????????????? #????????? | | ?????????????????????????????????????# #?????????? | | ????????????????????????????????????? ??????????# | | ???????????????????????????????????? ???????????# | | ???????????????????????????????????# #???????????# | | ???????????????????????????????????# ????????????# | | ???????????????????????????????????#?????????????# | | ?????????????????????????????????????????????????# | +----------------------------------------------------+ Best States ------------- Heat Dissipation 148 Coolant Potential 240 Energy Generation 105 Energy Capacity 2420 Matter Stores 600 Matter Capacity 600 Sight Range 23 Terrain Scan Density 10 Jamming Range 16 EM Shielding 2 Armor Coverage 2400 Resistance: KI 30 Resistance: TH 30 Resistance: EX 50 Resistance: EM 90 Utility Shielding 66 Weapon Shielding 90 Point Defense Rating 160 Weapon Cycling 25 Phase Shifting 20 Evasion (%) 60 Targeting Accuracy 12 Target Analysis 12 Armor Integrity Analysis 66 Recoil Reduction 5 Particle Charging 25 Offensive Hacking 26 Defensive Hacking 16 Relay Coupler Types 48 Relay Coupler Value 2 Item Schematics ----------------- Hcp. Storage Unit | -10/Materials | Hacked Arm. Huge Wheel | -7/Factory | Hacked Imp. Remote Datajack | -6/Extension | Hacked Mic. Nuclear Core | -6/Extension | Hacked Hyp. Coil Gun | -6/Extension | Hacked Adv. Transmission Jammer | -6/Hub_04(d) | Hacked Imp. Force Field | -6/Hub_04(d) | Hacked Adv. Remote Datajack | -4/Factory | Hacked Adv. Heavy Siege Treads | -4/Factory | Hacked Hvy. Reactive Plating | -4/Factory | Hacked Com. HERF Cannon | -3/Quarantine | Hacked Enh. Nova Cannon | -2/Testing | Hacked Robot Schematics ------------------ M-13 Machinist | -10/Materials | Hacked I-25 Savior | -9/Materials | Hacked P-60 Hacker | -6/Factory | Hacked C-55 Analyst | -3/Quarantine | Hacked Fabricated ------------ M-13 Machinist | x1 | -7/Factory M-13 Machinist | x1 | -7/Factory Hvy. Plasma Cannon | x2 | -7/Factory | Preloaded Adv. Transmission Jammer | x1 | -4/Factory Hyp. Coil Gun | x2 | -4/Factory P-60 Hacker | x2 | -4/Factory Hyp. Coil Gun | x2 | -4/Factory P-60 Hacker | x2 | -4/Factory P-60 Hacker | x2 | -4/Factory P-60 Hacker | x2 | -4/Factory P-60 Hacker | x2 | -4/Factory Com. HERF Cannon | x1 | -2/Testing P-60 Hacker | x2 | -1/Access Alien Tech Used ----------------- Sigix Broadsword Core Cannon Integrated Reactor Integrated Dissipator Sigix Quantum Sheargun LRC Boosters LRC Armor Core Expander Transdimensional Reconstructor Subatomic Replicator Sigix Terminator Core Regenerator Matter Drive Achievements -------------- Poison In The Code Challenges ------------ None Game ------ Seed LatentMiniActivator Manual? 0 Play Time 06:47:39 Cumulative 623.2 hours Start 2021.06.26 @ 13:15:26 End 2021.06.30 @ 22:57:34 Sessions 19 Manual Loads 0 Difficulty Rogue Special Mode None Game No. 369 Rogue 369 Adventurer 0 Explorer 0 Win Type - Total 7 Types 4/0/1/1/1/0/0/0/0 Lore% 89 Gallery% 91 Achievement% 71 Wizard Run 0 Options --------- ASCII 0 Keyboard 0 Movement Mouse Keybinds 1 Fullscreen 2 Font 24/Smallcaps Map View 76x50 Tactical HUD 1 Map Filters NONE Filters NONE Steam 1 RUN: 36a6083c-66df-44a3-a640-d431eb40a3d0